 Dungeon Crawl Stone Soup version 0.31-a0-983-g7b6862f502 (webtiles) character file.

Game seed: 17130493476880577280

1763315 Aequonox the Skinwalker (level 27, 233/233 HPs)
             Began as a Gnoll Earth Elementalist on Oct 29, 2023.
             Was the Champion of Ashenzari.
             Escaped with the Orb
             ... and 4 runes on Nov 2, 2023!
             The game lasted 12:21:44 (119839 turns).

Aequonox the Skinwalker (GnEE)                    Turns: 119839, Time: 12:21:45

Health: 233/233    AC: 23    Str: 20    XL:     27
Magic:  55/55      EV: 29    Int: 22    God:    Ashenzari [******]
Gold:   5506       SH: 23    Dex: 20    Spells: 10/72 levels left

rFire   + + +        k - +9 demon blade of Toth-Mos's Legacy {pain, long, Alch, Comp} (curse)
rCold   . . .        c - +5 kite shield "Shackled Together" {AC+3, Comp, Cun} (curse)
rNeg    + . .        Y - +5 moon troll leather armour {Spirit, Regen++ MP+5, Cun, Self} (curse)
rPois   .            X - +1 helmet of Ashenzari's Urgency {Range, Fort} (curse)
rElec   +            e - scarf of Ashenzari's Secrets {rC+ rF+, Melee, Dev} (curse)
rCorr   +            Q - +1 pair of gloves "Oracular Nihilism" {rN+, Elem, Fort} (curse)
SInv    +            G - +2 pair of boots "Omniscient the Ego" {Melee, Comp} (curse)
Will    +++..        o - amulet of the Unyielding Gaze {Spirit rF+ rCorr, Alch, Fort} (curse)
Stlth   ++++         A - ring of Desmomancy {rElec Int+3 Dex+3 SInv, Melee, Elem} (curse)
HPRegen 2.18/turn    l - ring "Esoteric Asceticism" {*Corrode Will+ Str+7 Slay+4 Stlth+, Fort, Self} (curse)
MPRegen 0.34/turn

%: corrode self (3%), clarity, guardian spirit
@: studying 3 skills
A: fangs 1, strong nose, distributed training, hooves 1, thin skeletal structure
1, clumsy 1, deformed body, deterioration 1, fire resistance 2, screaming 1,
inhibited regeneration, teleportitis 1, cold vulnerability 1, inability to read
after injury 1
0: Orb of Zot
}: 4/15 runes: decaying, serpentine, slimy, silver
a: Renounce Religion, Shatter the Chains


You escaped.
You worshipped Ashenzari.
Ashenzari was exalted by your worship.
You visited 12 branches of the dungeon, and saw 56 of its levels.
You visited the Abyss 1 time.
You visited 1 bazaar.
You also visited: Trove, Gauntlet and Ice Cave.

You collected 10960 gold pieces.
You spent 5454 gold pieces at shops.


Innate Abilities, Weirdness & Mutations

You have very sharp teeth.
Your uncanny sense of smell can sniff out nearby items.
Your experience applies equally to all skills.
You have large cloven feet.
You have a somewhat thin skeletal structure. (Dex +2, Stealth+)
You are clumsy. (Dex -2)
Armour fits poorly on your strangely shaped body.
Your body sometimes deteriorates upon taking damage.
Your flesh is very heat resistant. (rF++)
You occasionally shout uncontrollably at your foes.
You do not regenerate when monsters are visible.
You are occasionally teleported next to monsters.
You are vulnerable to cold. (rC-)
You occasionally lose the ability to read scrolls when taking damage.


   Skills:
 + Level 19.3(22.6) Fighting
 + Level 19.3(23.7) Short Blades
 + Level 19.3(23.7) Long Blades
 + Level 19.3(23.7) Axes
 + Level 19.3(23.7) Maces & Flails
 + Level 20.6(25.0) Polearms
 + Level 19.3(23.7) Staves
 + Level 19.3(21.5) Ranged Weapons
 + Level 19.3(21.5) Throwing
 + Level 19.3(24.7) Armour
 + Level 19.8(23.1) Dodging
 + Level 19.7(23.0) Stealth
 + Level 19.3(24.7) Shields
 + Level 19.3(23.7) Unarmed Combat
 + Level 19.9(23.1) Spellcasting
 + Level 16.5 Conjurations
 + Level 16.5 Hexes
 + Level 16.5(21.1) Summonings
 + Level 16.5(21.1) Necromancy
 + Level 16.5 Translocations
 + Level 16.6(20.1) Transmutations
 + Level 16.5(19.9) Fire Magic
 + Level 20.5(23.8) Ice Magic
 + Level 16.5(19.9) Air Magic
 + Level 17.3(20.7) Earth Magic
 + Level 16.5(19.9) Poison Magic
 + Level 20.9 Invocations
 + Level 19.3(21.5) Evocations
 + Level 21.1(23.2) Shapeshifting


You had 10 spell levels left.
You knew the following spells:

 Your Spells              Type           Power      Damage    Failure   Level
a - Blink                 Tloc           100%       N/A       0%          2
b - Passwall              Tmut/Erth      71%        N/A       0%          2
c - Lee's Rapid Deconstr  Erth           43%        3d21*     0%          5
d - Swiftness             Air            85%        N/A       0%          3
e - Wereblood             Tmut           85%        N/A       0%          2
f - Haunt                 Necr/Summ      43%        N/A       1%          7
g - Death Channel         Necr           43%        N/A       1%          6
h - Plasma Beam           Fire/Air       42%        2x1d56    1%          6
i - Yara's Violent Unrav  Hex/Tmut       41%        3d16      1%          5
j - Animate Dead          Necr           87%        N/A       0%          4
k - Monstrous Menagerie   Summ           43%        N/A       1%          7
l - Borgnjor's Vile Clut  Necr/Erth      43%        N/A       0%          5
m - Maxwell's Capacitive  Air            42%        ∞         3%          8

Your spell library contained the following spells:

 Spells                   Type           Power      Damage    Failure   Level
 Apportation              Tloc           100%       N/A       0%          1
 Freeze                   Ice            100%       1d10      0%          1
 Kiss of Death            Conj/Necr      100%       2d13      0%          1
 Magic Dart               Conj           100%       1d8       0%          1
 Necrotise                Necr           100%       1d9       0%          1
 Sandblast                Erth           100%       2d20      0%          1
 Slow                     Hex            100%       N/A       0%          1
 Sting                    Tmut/Pois      100%       1d8       0%          1
 Cigotuvi's Dreadful Rot  Necr/Pois/Air  100%       N/A       0%          2
 Ensorcelled Hibernation  Hex/Ice        100%       N/A       0%          2
 Jinxbite                 Hex            100%       N/A       0%          2
 Lesser Beckoning         Tloc           100%       N/A       0%          2
 Momentum Strike          Conj/Tloc      100%       3d10      0%          2
 Poisonous Vapours        Pois/Air       100%       N/A       0%          2
 Searing Ray              Conj           100%       2d8       0%          2
 Static Discharge         Conj/Air       100%       3-8/arc   0%          2
 Sublimation of Blood     Necr           87%        N/A       0%          2
 Call Canine Familiar     Summ           87%        N/A       0%          3
 Confusing Touch          Hex            78%        N/A       0%          3
 Dazzling Flash           Conj/Hex       100%       N/A       0%          3
 Frozen Ramparts          Ice            100%       1d16      0%          3
 Gell's Gravitas          Tloc           78%        N/A       0%          3
 Hailstorm                Conj/Ice       85%        3d17      0%          3
 Ignite Poison            Fire/Tmut/Pois 85%        N/A       0%          3
 Mephitic Cloud           Conj/Pois/Air  83%        N/A       0%          3
 Ozocubu's Armour         Ice            92%        N/A       0%          3
 Sigil of Binding         Hex            78%        N/A       0%          3
 Stone Arrow              Conj/Erth      100%       3d13      0%          3
 Summon Guardian Golem    Hex/Summ       83%        N/A       0%          3
 Teleport Other           Tloc           78%        N/A       0%          3
 Tukima's Dance           Hex            78%        N/A       0%          3
 Vampiric Draining        Necr           87%        2d12      0%          3
 Volatile Blastmotes      Fire/Tloc      100%       2d18      0%          3
 Airstrike                Air            42%        2d(7-23)  0%          4
 Anguish                  Hex/Necr       41%        N/A       0%          4
 Animate Armour           Summ/Erth      100%       N/A       0%          4
 Brom's Barrelling Bould  Conj/Erth      82%        2d9       0%          4
 Dispel Undead            Necr           87%        3d28      0%          4
 Leda's Liquefaction      Hex/Erth       41%        N/A       0%          4
 Olgreb's Toxic Radiance  Pois           85%        N/A       0%          4
 Petrify                  Tmut/Erth      86%        N/A       0%          4
 Sticky Flame             Conj/Fire      81%        2d9       0%          4
 Summon Ice Beast         Ice/Summ       90%        N/A       0%          4
 Summon Lightning Spire   Summ/Air       86%        N/A       0%          4
 Vhi's Electric Charge    Tloc/Air       100%       N/A       0%          4
 Agony                    Necr           87%        N/A       0%          5
 Alistair's Intoxication  Tmut/Pois      56%        N/A       0%          5
 Freezing Cloud           Conj/Ice/Air   42%        6-21      0%          5
 Cause Fear               Hex            39%        N/A       1%          4
 Dimensional Bullseye     Hex/Tloc       39%        N/A       1%          4
 Fulminant Prism          Conj/Hex       39%        3d17      1%          4
 Iskenderun's Mystic Bla  Conj/Tloc      78%        2d16      1%          4
 Manifold Assault         Tloc           78%        N/A       1%          4
 Passage of Golubria      Tloc           78%        N/A       1%          4
 Arcjolt                  Conj/Air       40%        1d50      1%          5
 Fireball                 Conj/Fire      40%        3d16      1%          5
 Irradiate                Conj/Tmut      41%        3d25      1%          5
 Iskenderun's Battlesphe  Conj           78%        2d13      1%          5
 Silence                  Hex/Air        40%        N/A       1%          5
 Summon Forest            Summ/Tloc      41%        N/A       1%          5
 Summon Mana Viper        Hex/Summ       83%        N/A       1%          5
 Bombard                  Conj/Erth      41%        9d7       1%          6
 Conjure Ball Lightning   Conj/Air       40%        3x3d13    1%          6
 Eringya's Noxious Bog    Tmut/Pois      42%        4d6       1%          6
 Starburst                Conj/Fire      40%        6d12      1%          6
 Summon Cactus Giant      Summ           43%        N/A       1%          6
 Enfeeble                 Hex            39%        N/A       1%          7
 Orb of Destruction       Conj           39%        9d11      1%          7
 Ozocubu's Refrigeration  Ice            46%        4d17      1%          7
 Spellforged Servitor     Conj/Summ      41%        N/A       1%          7
 Summon Hydra             Summ           43%        N/A       1%          7
 Borgnjor's Revivificati  Necr           43%        N/A       1%          8
 Infestation              Necr           43%        N/A       1%          8
 Summon Horrible Things   Summ           43%        N/A       1%          8
 Ignition                 Fire           42%        3d12      3%          8
 Lehudib's Crystal Spear  Conj/Erth      41%        10d10     5%          8
 Death's Door             Necr           43%        N/A       32%         9
 Shatter                  Erth           43%        3d33*     36%         9
 Chain Lightning          Conj/Air       40%        3d54      71%         9
 Fire Storm               Conj/Fire      40%        8d10      71%         9

Inventory:

Hand Weapons
 k - the cursed +9 demon blade of Toth-Mos's Legacy (weapon) {pain, long, Alch, Comp}
   (You bought it in a shop on level 1 of the Snake Pit)

   It has a curse which improves the following skills: Alchemy: Poison Magic and
   Transmutations.
   Companions: Summonings and Necromancy.
Missiles
 M - 4 curare-tipped darts {=fthrowing}
Armour
 c - the cursed +5 kite shield "Shackled Together" (worn) {AC+3, Comp, Cun}
   (You took it off a naga warrior on level 4 of the Snake Pit)

   It has a curse which improves the following skills: Companions: Summonings
   and Necromancy.
   Cunning:   Dodging and Stealth.
 e - the cursed scarf of Ashenzari's Secrets (worn) {rC+ rF+, Melee, Dev}
   (You found it on level 14 of the Dungeon)

   It has a curse which improves the following skills: Melee Combat: Short
   Blades, Long Blades, Axes, Maces & Flails, Polearms, Staves and Unarmed
   Combat.
   Devices:   Evocations and Shapeshifting.
 y - the +0 leather armour of Intuition {Will+ Str+3}
   (You bought it in a shop in a bazaar)

   Str+3:     It affects your strength (+3).
   Will+:     It increases your willpower.
 C - the +8 ring mail "Lesiohucoo" {Int+4}
   (You found it on level 5 of the Pits of Slime)

   Int+4:     It affects your intelligence (+4).
 G - the cursed +2 pair of boots "Omniscient the Ego" (worn) {Melee, Comp}
   (You found it on level 3 of the Depths)

   It has a curse which improves the following skills: Melee Combat: Short
   Blades, Long Blades, Axes, Maces & Flails, Polearms, Staves and Unarmed
   Combat.
   Companions: Summonings and Necromancy.
 O - the +8 chain mail "Bajen" {Contam rElec rF+ rC+}
   (You found it on level 3 of the Realm of Zot)

   rF+:       It protects you from fire.
   rC+:       It protects you from cold.
   rElec:     It insulates you from electricity.
   Contam:    It causes magical contamination when unequipped.
 Q - the cursed +1 pair of gloves "Oracular Nihilism" (worn) {rN+, Elem, Fort}
   (You found it in an ice cave)

   rN+:       It protects you from negative energy.
   It has a curse which improves the following skills: Elements: Fire Magic, Ice
   Magic, Air Magic and Earth Magic.
   Fortitude: Armour and Shields.
 U - the +0 cloak "Lust" {Will+}
   (You acquired it on level 2 of the Realm of Zot)

   Will+:     It increases your willpower.
 X - the cursed +1 helmet of Ashenzari's Urgency (worn) {Range, Fort}
   (You found it on level 5 of the Lair of Beasts)

   It has a curse which improves the following skills: Ranged Combat: Ranged
   Weapons and Throwing.
   Fortitude: Armour and Shields.
 Y - the cursed +5 moon troll leather armour (worn) {Spirit, Regen++ MP+5, Cun, Self}
   (You found it on level 2 of the Snake Pit)

   MP+5:      It affects your magic capacity (+5).
   Regen++:   It increases your rate of health regeneration.
   It has a curse which improves the following skills: Cunning: Dodging and
   Stealth.
   Introspection: Fighting and Spellcasting.
Jewellery
 h - the amulet of Makhleb's Envy {Acrobat rPois rC++ Str+3}
   (You found it on level 5 of the Pits of Slime)

   [amulet of the acrobat]

   Acrobat:   It increases your evasion while moving and waiting.
   Str+3:     It affects your strength (+3).
   rC++:      It greatly protects you from cold.
   rPois:     It protects you from poison
 j - the ring of Balance {Ice rN+++ Str-3 Int+4}
   (You found it in a Gauntlet)

   [ring of ice]

   Ice:       It enhances your ice magic.
   Str-3:     It affects your strength (-3).
   Int+4:     It affects your intelligence (+4).
   rF-:       It makes you vulnerable to fire.
   rC+:       It protects you from cold.
   rN+++:     It renders you almost immune to negative energy.
 l - the cursed ring "Esoteric Asceticism" (right hand) {*Corrode Will+ Str+7 Slay+4 Stlth+, Fort, Self}
   (You took it off a minotaur in a Gauntlet)

   [ring of slaying]

   Str+7:     It affects your strength (+7).
   Slay+4:    It affects your accuracy & damage with ranged weapons and melee
   (+4).
   Will+:     It increases your willpower.
   *Corrode:  It may corrode you when you take damage.
   Stlth+:    It makes you more stealthy.
   It has a curse which improves the following skills: Fortitude: Armour and
   Shields.
   Introspection: Fighting and Spellcasting.
 o - the cursed amulet of the Unyielding Gaze (around neck) {Spirit rF+ rCorr, Alch, Fort}
   (You found it on level 2 of the Dungeon)

   [amulet of guardian spirit]

   Spirit:    It causes incoming damage to be divided between your reserves of
   health and magic.
   rF+:       It protects you from fire.
   rCorr:     It protects you from acid and corrosion.
   It has a curse which improves the following skills: Alchemy: Poison Magic and
   Transmutations.
   Fortitude: Armour and Shields.
 r - the ring "Kuegheup" {rPois Str+2 Dex+6 Slay+2}
   (You found it on level 5 of the Pits of Slime)

   [ring of dexterity]

   Str+2:     It affects your strength (+2).
   Dex+6:     It affects your dexterity (+6).
   Slay+2:    It affects your accuracy & damage with ranged weapons and melee
   (+2).
   rPois:     It protects you from poison
 A - the cursed ring of Desmomancy (left hand) {rElec Int+3 Dex+3 SInv, Melee, Elem}
   (You found it on level 5 of the Vaults)

   [ring of see invisible]

   Int+3:     It affects your intelligence (+3).
   Dex+3:     It affects your dexterity (+3).
   rElec:     It insulates you from electricity.
   SInv:      It lets you see invisible.
   It has a curse which improves the following skills: Melee Combat: Short
   Blades, Long Blades, Axes, Maces & Flails, Polearms, Staves and Unarmed
   Combat.
   Elements:  Fire Magic, Ice Magic, Air Magic and Earth Magic.
 K - the ring of Mistrust {rElec rF+ rCorr SInv}
   (You found it on level 5 of the Pits of Slime)

   [ring of see invisible]

   rF+:       It protects you from fire.
   rElec:     It insulates you from electricity.
   SInv:      It lets you see invisible.
   rCorr:     It protects you from acid and corrosion.
Wands
 g - a wand of charming (95)
   (You found it on level 7 of the Dungeon)
 p - a wand of digging (2)
   (You found it on level 1 of the Elven Halls)
 u - a wand of polymorph (38)
   (You found it on level 1 of the Snake Pit)
 v - a wand of iceblast (36)
   (You found it on level 5 of the Dungeon)
 w - a wand of acid (52)
   (You found it on level 5 of the Dungeon)
 x - a wand of mindburst (40)
   (You found it on level 5 of the Dungeon)
Scrolls
 d - 9 scrolls of teleportation {@r4}
 f - 14 scrolls of fog
 n - 4 scrolls of enchant weapon
 t - 7 scrolls of fear
 z - 6 scrolls of enchant armour
 D - 4 scrolls of poison {!r}
 J - 5 scrolls of blinking {!r}
 N - 3 scrolls of summoning
 R - 7 scrolls of immolation {!r!r}
 S - 4 scrolls of revelation
 T - 4 scrolls of brand weapon
Potions
 a - 3 potions of magic
 b - 4 potions of brilliance
 i - 10 potions of attraction {!q}
 q - 5 potions of lignification {!q}
 B - 3 potions of resistance
 E - 4 potions of might
 F - 15 potions of curing {@q1}
 H - 4 potions of haste {@q3}
 I - 9 potions of enlightenment
 P - 3 potions of cancellation
 W - a potion of heal wounds {@q2}
 Z - 4 potions of invisibility
Miscellaneous
 m - a lightning rod (4/4)
   (You found it on level 1 of the Vaults)
 s - a phial of floods
   (You found it on level 5 of the Vaults)
 L - a phantom mirror
   (You found it in a Gauntlet)
 V - a tin of tremorstones (2/2) {throwing}
   (You found it on level 5 of the Vaults)

Dungeon Overview and Level Annotations

Branches:
Dungeon (15/15)            Temple (0/1) D:7            Lair (5/5) D:9
  Swamp (4/4) Lair:2        Snake (4/4) Lair:3        Slime (5/5) Lair:5
    Orc (2/2) D:12            Elf (3/3) Orc:2        Vaults (5/5) D:13
  Crypt (3/3) Vaults:2       Tomb (1/3) Crypt:3      Depths (4/4) D:15
    Zot (5/5) Depths:4      IceCv (visited)         Gauntlet (visited)

Altars:
Ashenzari
Dithmenos
Gozag
Kikubaaqudgha
Makhleb
Nemelex Xobeh
Okawaru
Qazlal
Ru
Sif Muna
Trog
Vehumet
Wu Jian
Xom
Yredelemnul
The Shining One
Jiyva

Shops:
D:10 *   D:12 *   D:14 :   Orc:2 (*!*!*   Snake:1 (   Snake:2 [(   Snake:3 *
Snake:4 :   Vaults:1 [   Depths:2 !   Depths:4 :=:

Portals:
Hell: Depths:1 Depths:2 Depths:3 Depths:4
Abyss: Depths:3
Pandemonium: Depths:1 Depths:2
Ziggurat: Depths:4

Annotations:
D:7 3 runed translucent doors
Lair:4 exclusion: oklob plant
Snake:1 3 runed translucent doors, JaaP's ghost, journeyman MiFi
Vaults:2 2 runed translucent doors, DEFE's ghost, adept DsFi; t4s4d4r's ghost, adept DsEE
Vaults:3 3 runed translucent doors, Fauhuump's ghost, adept TeAE
Crypt:2 Khufu

# # #### ...# ##########
...# ###........# .#.#
##.#.############# .#.#
##....## #...+...#
.#.###....#.## #@#.#.#.#
.........###.#####.#.####
##.#####..#.###.........#
#.# #.#.## #.##...##.#
##.# #.### #..#...#..#
...# ##+## ####...####
#### ##...## ##...# ..#
##.....## ####.#
#.###.......## ##.##.#


There were no monsters in sight!


Message History

😕 MP[+1]
The Orb Guardian attacks as it pursues you!
You block the Orb Guardian's attack.
The Orb Guardian attacks as it pursues you!
The Orb Guardian completely misses you.
The Orb Guardian hits you!! 😕 HP[-19] MP[-2]
You take 19 damage, and now have 198/233 hp.
You lost 2 mp, and now have 26/55 mp.
The Orb Guardian attacks as it pursues you!
You block the Orb Guardian's attack.
The Orb Guardian attacks as it pursues you!
The Orb Guardian hits you but does no damage.
You block the Orb Guardian's attack. 😕 MP[+1]
You block the Orb Guardian's attack.
The Orb Guardian attacks as it pursues you!
You block the Orb Guardian's attack.
The Orb Guardian attacks as it pursues you!
The Orb Guardian hits you!!
You block the Orb Guardian's attack. 😕 HP[-22] MP[-2]
You take 22 damage, and now have 176/233 hp.
You lost 2 mp, and now have 25/55 mp.
Things that are here:
a +0 robe; a +0 dagger {short}
Casting: Borgnjor's Vile Clutch (safe; 0% risk of failure)
Confirm with . or Enter, or press ? or * to list all spells.
Aiming: Borgnjor's Vile Clutch (safe; 0% risk of failure)
Press: ? - help, Shift-Dir - straight line, f/p - hell beast
Aim: a hell beast (heavily wounded, 100% to hit)
Zombie hands grab the Orb Guardian.
Zombie hands grab the hell beast.
The zombie hands constrict the hell beast!
The zombie hands constrict the Orb Guardian.
The hell beast struggles to escape constriction.
You block the Orb Guardian's attack.
The hell beast struggles to escape constriction. 😕 MP[-5]
You lost 5 mp, and now have 20/55 mp.
The zombie hands constrict the hell beast.
The zombie hands constrict the Orb Guardian, but do no damage.
The Orb Guardian struggles to escape constriction.
The hell beast escapes!
The Orb Guardian struggles to escape constriction. 😕 MP[+1]
The zombie hands constrict the Orb Guardian!
The Orb Guardian escapes!
There is a stone staircase leading up here.
Casting: Borgnjor's Vile Clutch (safe; 0% risk of failure)
Confirm with . or Enter, or press ? or * to list all spells.
You don't know that spell.
You block the Orb Guardian's attack.
You climb upwards.
There is a stone staircase leading down, spattered with blood here. 😕 HP[+4] MP[+1]
You regained 4 hp, and now have 180/233 hp. 😕 HP[+2]
You regained 2 hp, and now have 182/233 hp. 😕 HP[+2] MP[+1]
You regained 2 hp, and now have 184/233 hp. 😕 HP[+2]
You regained 2 hp, and now have 186/233 hp. 😕 HP[+2]
You regained 2 hp, and now have 188/233 hp. 😕 HP[+3] MP[+1]
You regained 3 hp, and now have 191/233 hp. 😕 HP[+2]
You regained 2 hp, and now have 193/233 hp. 😕 HP[+2]
You regained 2 hp, and now have 195/233 hp. 😕 HP[+2] MP[+1]
You regained 2 hp, and now have 197/233 hp. 😕 HP[+2]
You regained 2 hp, and now have 199/233 hp. 😕 HP[+3]
You regained 3 hp, and now have 202/233 hp.
There is a stone staircase leading up here. 😕 HP[+2] MP[+1]
You regained 2 hp, and now have 204/233 hp.
You climb upwards.
There is a stone staircase leading down here. 😕 HP[+5]
You regained 5 hp, and now have 209/233 hp.
You sense a monster nearby. 😕 HP[+18] MP[+3]
You regained 18 hp, and now have 227/233 hp.
You regained 3 mp, and now have 29/55 mp.
There is a stone staircase leading up here. 😎 HP[+6] MP[+5]
Your hp is fully restored (233).
You regained 5 mp, and now have 34/55 mp.
You climb upwards.
There is a stone staircase leading down here. 😎 MP[+1]
You see here a +0 dagger {short}.
You open the door.
There is an open door here.
There is an open door here.
There is a staircase leading out of the dungeon here. 😎 MP[+20]
Your mp is fully restored (55).
You have escaped!

Skill      XL: |  1  2  3  4  5  6  7  8  9 10 11 12 13 14 15 16 17 18 19 20 21 22 23 24 25 26 27 |
---------------+----------------------------------------------------------------------------------+-----
Transmutations | 2 3 4 5 6 7 8 9 10 11 12 13 14 15 16 | 16.6
Spellcasting   | 5 6 7 8 9 10 11 12 13 14 15 16 17 18 19 | 19.9
Invocations    | 1 2 3 4 5 6 7 8 9 10 11 12 13 14 15 16 17 18 19 20 | 20.9
Fighting       | 1 2 3 4 5 7 8 9 10 11 12 13 14 15 16 17 19 | 19.3
Short Blades   | 1 2 3 4 5 7 8 9 10 11 12 13 14 15 16 17 19 | 19.3
Long Blades    | 1 2 3 4 5 7 8 9 10 11 12 13 14 15 16 17 19 | 19.3
Axes           | 1 2 3 4 5 7 8 9 10 11 12 13 14 15 16 17 19 | 19.3
Maces & Flails | 1 2 3 4 5 7 8 9 10 11 12 13 14 15 16 17 19 | 19.3
Polearms       | 1 2 3 4 5 7 8 9 10 11 12 13 14 15 16 17 20 | 20.6
Staves         | 1 2 3 4 5 7 8 9 10 11 12 13 14 15 16 17 19 | 19.3
Ranged Weapons | 1 2 3 4 5 7 8 9 10 11 12 13 14 15 16 17 19 | 19.3
Throwing       | 1 2 3 4 5 7 8 9 10 11 12 13 14 15 16 17 19 | 19.3
Armour         | 1 2 3 4 5 7 8 9 10 11 12 13 14 15 16 17 19 | 19.3
Shields        | 1 2 3 4 5 7 8 9 10 11 12 13 14 15 16 17 19 | 19.3
Unarmed Combat | 1 2 3 4 5 7 8 9 10 11 12 13 14 15 16 17 19 | 19.3
Evocations     | 1 2 3 4 5 7 8 9 10 11 12 13 14 15 16 17 19 | 19.3
Shapeshifting  | 1 2 3 4 5 6 7 8 9 10 11 12 13 14 15 16 17 18 21 | 21.1
Conjurations   | 1 2 3 4 5 6 7 8 9 10 11 12 13 14 15 16 | 16.5
Hexes          | 1 2 3 4 5 6 7 8 9 10 11 12 13 14 15 16 | 16.5
Summonings     | 1 2 3 4 5 6 7 8 9 10 11 12 13 14 15 16 | 16.5
Necromancy     | 1 2 3 4 5 6 7 8 9 10 11 12 13 14 15 16 | 16.5
Translocations | 1 2 3 4 5 6 7 8 9 10 11 12 13 14 15 16 | 16.5
Fire Magic     | 1 2 3 4 5 6 7 8 9 10 11 12 13 14 15 16 | 16.5
Ice Magic      | 1 2 3 4 5 6 7 8 9 10 11 12 13 14 15 16 17 18 20 | 20.5
Air Magic      | 1 2 3 4 5 6 7 8 9 10 11 12 13 14 15 16 | 16.5
Poison Magic   | 1 2 3 4 5 6 7 8 9 10 11 12 13 14 15 16 | 16.5
Dodging        | 5 6 7 8 9 10 11 12 13 14 15 16 17 18 19 | 19.8
Stealth        | 5 6 7 8 9 10 11 12 13 14 15 16 17 18 19 | 19.7
Earth Magic    | 6 7 8 9 10 11 12 13 14 15 16 17 | 17.3

Action                     |  1- 3 |  4- 6 |  7- 9 | 10-12 | 13-15 | 16-18 | 19-21 | 22-24 | 25-27 || total
---------------------------+-------+-------+-------+-------+-------+-------+-------+-------+-------++-------
  Melee: Dagger            |     5 |    11 |   102 |   561 |  1368 |       |       |       |       ||  2047
         Bite              |       |     4 |    19 |    90 |   273 |   171 |   205 |   249 |   282 ||  1293
         Punch             |       |       |     5 |     6 |       |       |       |       |       ||    11
         Staff             |       |       |       |       |    46 |    27 |       |       |       ||    73
         Long sword        |       |       |       |       |       |   859 |   447 |       |       ||  1306
         Demon blade       |       |       |       |       |       |    86 |   681 |  1246 |  1338 ||  3351
         Unarmed           |       |       |       |       |       |     3 |       |       |       ||     3
   Cast: Sandblast         |    43 |    87 |   201 |   187 |     2 |       |       |       |       ||   520
         Passwall          |       |       |     2 |     1 |       |     6 |       |       |     2 ||    11
         Stone Arrow       |       |       |       |   140 |   483 |    92 |     4 |       |       ||   719
         Swiftness         |       |       |       |     6 |     2 |     4 |     3 |       |     6 ||    21
         Wereblood         |       |       |       |     3 |     2 |       |     1 |       |       ||     6
         Confusing Touch   |       |       |       |     3 |    89 |    36 |     2 |       |       ||   130
         Brom's Barrelling |       |       |       |       |    70 |       |       |       |       ||    70
         Yara's Violent Un |       |       |       |       |     3 |       |     1 |       |       ||     4
         Tukima's Dance    |       |       |       |       |     8 |    11 |       |       |       ||    19
         Animate Dead      |       |       |       |       |     7 |    14 |    17 |    23 |    28 ||    89
         Plasma Beam       |       |       |       |       |       |   380 |   103 |    14 |    16 ||   513
         Vampiric Draining |       |       |       |       |       |     3 |       |       |       ||     3
         Agony             |       |       |       |       |       |     1 |       |       |       ||     1
         Monstrous Menager |       |       |       |       |       |    11 |   164 |   119 |   122 ||   416
         Death Channel     |       |       |       |       |       |       |     5 |    19 |    25 ||    49
         Haunt             |       |       |       |       |       |       |     3 |   135 |    98 ||   236
         Borgnjor's Vile C |       |       |       |       |       |       |       |     1 |     8 ||     9
         Maxwell's Capacit |       |       |       |       |       |       |       |       |    23 ||    23
         Lee's Rapid Decon |       |       |       |       |       |       |       |       |    19 ||    19
         Blink             |       |       |       |       |       |       |       |       |     6 ||     6
 Invoke: Curse Item        |       |     1 |     4 |     3 |     2 |     4 |     1 |     3 |     4 ||    22
         Shatter the Chain |       |       |       |       |     1 |     4 |     1 |     5 |     1 ||    12
  Evoke: Wand              |       |       |     3 |     6 |       |     3 |     2 |     1 |     1 ||    16
         Phantom mirror    |       |       |       |       |       |       |     1 |       |     1 ||     2
         Phial of floods   |       |       |       |       |       |       |       |       |     1 ||     1
    Use: Potion            |       |     2 |     4 |     3 |     4 |    19 |    12 |     3 |    19 ||    66
         Scroll            |       |       |     5 |       |     3 |    21 |    12 |     5 |    18 ||    64
   Stab: Sleeping          |     2 |       |     2 |     2 |     6 |     5 |     7 |    15 |    20 ||    59
         Confused          |       |       |       |     2 |    84 |    31 |     1 |       |     3 ||   121
         Distracted        |       |       |       |       |     1 |     6 |    41 |    46 |    62 ||   156
         Paralysed         |       |       |       |       |       |       |       |     2 |       ||     2
 Armour: Robe              |     3 |    39 |   132 |       |       |       |       |       |       ||   174
         Swamp dragon scal |       |       |    19 |   528 |   669 |   551 |   515 |   172 |       ||  2454
         Skin              |       |       |       |       |       |     9 |       |       |       ||     9
         Troll leather arm |       |       |       |       |       |       |       |   262 |   562 ||   824
  Dodge: Dodged            |     6 |    30 |   146 |   520 |   639 |   624 |   463 |   415 |   687 ||  3530
  Block: Kite shield       |       |       |       |   237 |   870 |   828 |   989 |   886 |  1200 ||  5010
         Buckler           |       |       |       |       |       |   108 |       |       |       ||   108
         Tower shield      |       |       |       |       |       |    41 |       |       |       ||    41

Levels and vault maps discovered:
D:1:      onia_arrival_mini_spirals, layout_loops_corners,
          hellmonk_ecumenical_altar_arch_garden
D:2:      layout_basic, minmay_tetromino_s4
D:3:      layout_rooms, nicolae_kikubaaqudgha_miasma_corner,
          mainiacjoe_overflow_small_starburst, serial_bayou_lake_a
D:4:      layout_basic, nicolae_overflow_crystal_walls, led_sif_pool,
          chequers_mini_garden, kennysheep_flooded_box, uniq_robin
D:5:      layout_gridville, mainiacjoe_overflow_concentric_impassable,
          lemuel_tele_altar, nicolae_tso_besieged_by_evil, uniq_edmund
D:6:      cheibrodos_quashed, layout_loops_corners, kennysheep_little_box
D:7:      lemuel_bear_cage, layout_loops_ring, minmay_temple_entry_offerings,
          ebering_ghost_reflecting_pool, uniq_menkaure, uniq_crazy_yiuf_cottage,
          uniq_prince_ribbit1, uniq_maggie
D:8:      layout_rooms, mainiacjoe_overflow_tiny_flanked,
          mainiacjoe_overflow_24_doors, hellmonk_ghost_happy_afterlife,
          uniq_grum
D:9:      minmay_thinvault, layout_rooms,
          grunt_temple_overflow_champion_of_chaos, mainiacjoe_overflow_brackets,
          due_lair_maze_entry_diamond, minmay_starry_boxes
D:10:     layout_loops_ring, kennysheep_mini_moat, mainiacjoe_overflow_catwalk,
          serial_shops, nicolae_shop_peninsula
D:11:     layout_roguey, minmay_curled_crystal, minivault_5, uniq_urug
D:12:     layout_roguey, zombieorc2_lemuel, serial_shops,
          nicolae_shop_hallway_plus
D:13:     layout_roguey, hangedman_vaults_entry_quadrant_bands
D:14:     layout_rooms, glass_columns_b, gauntlet_entry_generic,
          nicolae_shop_i_like_small_books_too, roadster_trireme, uniq_lodul
D:15:     gammafunk_enter_depths_forms, layout_loops_ring,
          nicolae_concentric_dashed_squares_mild, uniq_rupert, uniq_josephine
Lair:1:   layout_loops_ring, grunt_megastairs_1
Lair:2:   layout_hall_layers, swamp_mist_pool
Lair:3:   layout_regular_city, dummy_snake_entry, ebering_ghost_xom,
          lemuel_fruit_tree
Lair:4:   layout_layer_cave
Lair:5:   minmay_lair_end_enchanted_forest, layout_cave_pods, slime_entry_2
Swamp:1:  layout_basic_swamp, hangedman_swamp_pad, swamp_pool1,
          nicolae_swamp_bloodsuckers_inc, uniq_kirke
Swamp:2:  layout_falls_marsh, nicolae_swamp_small_spring
Swamp:3:  layout_basic_swamp, portal_ice_cave_entry_horrid_things,
          evilmike_swamp_ruin_house_1, uniq_bai_suzhen
Swamp:4:  swamp_basic_johnstein, layout_basic_swamp, uniq_donald
Snake:1:  layout_concentric_octagons, serial_shops, shop,
          gammafunk_ghost_necromancy, grunt_megastairs_3, uniq_aizul,
          uniq_asterion
Snake:2:  gammafunk_sealed_arena, layout_honeycomb, serial_shops,
          shop_fountains, nicolae_shop_firing_range
Snake:3:  layout_gridlike, serial_shops, shop_fountains, lightli_airlock
Snake:4:  minmay_snake_end_coiled, layout_cave_pods, serial_shops, shop
Slime:1:  layout_caves
Slime:2:  layout_caves, basic_altar
Slime:3:  layout_caves
Slime:4:  layout_caves
Slime:5:  slime_pit_nicolae_royal_road_to_ruin
Orc:1:    layout_caves, special_room [special_room_orc], basic_altar,
          statue_in_the_mist_lemuel, nicolae_orc_rich_vein
Orc:2:    st_orc_rangers, layout_diamond_mine, basic_altar, serial_shops, shop,
          nicolae_shop_overcharged_wands
Elf:1:    minmay_elf_arrival_summoners, layout_geoelf_grid, minmay_elf_sorcery,
          grunt_megastairs_5
Elf:2:    nicolae_elf_blades_splatter_lattice [mumra_blade_entry_dagger],
          layout_onion_city
Elf:3:    elf_hall, layout_geoelf_octagon
Vaults:1: nicolae_vaults_wine_cellar, v_pattern_4, st_lines,
          nicolae_vaults_trapezoid_3, v_misc_17,
          nicolae_vaults_disjoint_gnomons, vaults_mumra_minichess,
          vaults_room_corners, minmay_orc_keep, vaults_dpeg_diagonal,
          nicolae_vaults_house_1, layout_vaults_omnicross, serial_shops,
          nicolae_shop_back_alley_shop
Vaults:2: advil_vaults_ghost_guards, nicolae_vaults_swerve,
          hangedman_vaults_stitches, minmay_crypt_entry_simple_sparse,
          hangedman_vaults_stretched_pinwheel, v_alt_pattern_6,
          nicolae_vaults_meeting, layout_vaults_quadrants, serial_shops,
          freezing_bzr
Vaults:3: gammafunk_ghost_ooze, nicolae_vaults_two_Ls, vaults_room_glass_cross,
          v_misc_3, v_misc_1, ontoclasm_vaults_misaligned, v_misc_26,
          ontoclasm_vaults_loading_screen, hangedman_vaults_nails,
          nicolae_vaults_network_quinsquares
          [nicolae_vaults_network_quincunx_subvault,
          nicolae_vaults_network_quincunx_subvault,
          nicolae_vaults_network_quincunx_subvault,
          nicolae_vaults_network_quincunx_subvault], layout_vaults_big_room,
          uniq_margery, uniq_xtahua, uniq_jory
Vaults:4: nicolae_vaults_offset_grid_hallway_3, nicolae_vaults_little_squares_5,
          v_pattern_2, nicolae_vaults_trapezoid_lopsided_4,
          hangedman_vaults_stretched_pinwheel, v_misc_5,
          nicolae_vaults_stairing_the_circle, hangedman_vaults_restitches,
          nicolae_vaults_little_squares_5, v_misc_12, layout_vaults_omnibox,
          uniq_mara, uniq_mennas
Vaults:5
Crypt:1:  layout_chaotic_city, basic_altar, small_statue_intersection,
          nicolae_crypt_twisting_catacombs, corner_web_ring,
          nicolae_danse_macabre, grunt_crypt_arrival_split
Crypt:2:  layout_gridlike, uniq_khufu
Crypt:3:  cryptofortress_bobbens, uniq_vv
Tomb:1
Depths:1: layout_gridlike, minmay_crystal_water, rand_demon_pan_entry_3,
          serial_rivers, chequers_serial_rivers_micro_d,
          chequers_serial_rivers_small_b, chequers_serial_rivers_micro_b,
          chequers_serial_rivers_micro_a, hell_entry, serial_bayou_crossing
Depths:2: cheibrodos_leafed_vault, layout_cave_pools, hell_entry,
          ashenzari_altar_1, serial_shops, shop_fountains,
          rand_demon_pan_entry_8, drop_trap, minivault_16,
          serial_sigils_hangedman_carve
Depths:3: kennysheep_windowed_halls, layout_cave_shapes, abyss_entry,
          hangedman_geh_valley, bh_walls_and_bars, serial_co_window_serial,
          co_window_cross_1, co_window_of_opportunity_a, co_window_paths_a,
          co_window_paths_a, co_window_of_opportunity_a, co_window_paths_a,
          co_window_corner_a, co_window_corner_a, co_window_corner_a,
          co_window_corner_cb, co_window_paths_c, co_window_corner_b,
          co_window_paths_c, co_window_of_opportunity_b, co_window_paths_d,
          glass_columns_c, glass_columns_a, glass_columns_a, glass_columns_a
Depths:4: evilmike_zot_entry_hall, layout_cave_shapes, enter_ziggurat_b,
          pf_coc_iceberg, enter_trove_0, minmay_misc_feat_diagonals,
          minmay_misc_feat_alley, minmay_shop_grove
Zot:1:    layout_onion
Zot:2:    layout_gridlike
Zot:3:    layout_cathedral_of_symmetry, st_large_dragon_hoard_4
Zot:4:    layout_onion, regret_index_zotdec_plus
Zot:5:    layout_twisted_circle, nicolae_tricolors

Notes
Turn   | Place    | Note
-------+----------+-------------------------------------------
     0 | D:1      | Aequonox the Gnoll Earth Elementalist began the quest for
                  | the Orb.
     0 | D:1      | Reached XP level 1. HP: 13/13 MP: 6/6
     0 | D:1      | magus.rc [v1.9.6]
    84 | D:1      | Reached skill level 2 in Transmutations
   209 | D:1      | Reached XP level 2. HP: 19/19 MP: 5/7
   585 | D:1      | You pick up a book of Blood and begin reading...
   585 | D:1      | You add the spells Sublimation of Blood, Wereblood and
                  | Summon Hydra to your library.
   588 | D:1      | Found a faded altar of an unknown god.
   594 | D:1      | You pick up a book of Touch and begin reading...
   594 | D:1      | You add the spells Kiss of Death, Confusing Touch and
                  | Dispel Undead to your library.
   610 | D:1      | Reached skill level 5 in Spellcasting
   610 | D:1      | Reached XP level 3. HP: 25/25 MP: 5/9
   927 | D:1      | You pick up a book of Necromancy and begin reading...
   927 | D:1      | You add the spells Necrotise, Vampiric Draining and Agony
                  | to your library.
  1143 | D:2      | Reached skill level 1 in Invocations
  1507 | D:2      | Reached skill level 1 in Fighting
  1507 | D:2      | Reached skill level 1 in Short Blades
  1507 | D:2      | Reached skill level 1 in Long Blades
  1507 | D:2      | Reached skill level 1 in Axes
  1507 | D:2      | Reached skill level 1 in Maces & Flails
  1507 | D:2      | Reached skill level 1 in Polearms
  1507 | D:2      | Reached skill level 1 in Staves
  1507 | D:2      | Reached skill level 1 in Ranged Weapons
  1507 | D:2      | Reached skill level 1 in Throwing
  1507 | D:2      | Reached skill level 1 in Armour
  1507 | D:2      | Reached skill level 1 in Shields
  1507 | D:2      | Reached skill level 1 in Unarmed Combat
  1507 | D:2      | Reached skill level 1 in Evocations
  1518 | D:2      | Reached XP level 4. HP: 32/32 MP: 4/11
  1545 | D:2      | Reached skill level 1 in Shapeshifting
  1993 | D:2      | Reached skill level 1 in Conjurations
  1993 | D:2      | Reached skill level 1 in Hexes
  1993 | D:2      | Reached skill level 1 in Summonings
  1993 | D:2      | Reached skill level 1 in Necromancy
  1993 | D:2      | Reached skill level 1 in Translocations
  1993 | D:2      | Reached skill level 1 in Fire Magic
  1993 | D:2      | Reached skill level 1 in Ice Magic
  1993 | D:2      | Reached skill level 1 in Air Magic
  1993 | D:2      | Reached skill level 1 in Poison Magic
  2016 | D:2      | Identified the amulet of Xom's Flight of Fancy {Spirit rF+
                  | rCorr}
  2409 | D:3      | Reached XP level 5. HP: 32/37 MP: 7/12
  2573 | D:3      | Found a broken altar of Ashenzari.
  2601 | D:3      | Became a worshipper of Ashenzari the Shackled
  2756 | D:3      | Reached skill level 2 in Invocations
  2756 | D:3      | Reached XP level 6. HP: 28/44 MP: 5/14
  2938 | D:3      | Found an ancient bone altar of Kikubaaqudgha.
  3451 | D:4      | HP: 7/44 [poisoned by a scorpion]
  3452 | D:4      | Reached skill level 2 in Fighting
  3452 | D:4      | Reached skill level 2 in Short Blades
  3452 | D:4      | Reached skill level 2 in Long Blades
  3452 | D:4      | Reached skill level 2 in Axes
  3452 | D:4      | Reached skill level 2 in Maces & Flails
  3452 | D:4      | Reached skill level 2 in Polearms
  3452 | D:4      | Reached skill level 2 in Staves
  3452 | D:4      | Reached skill level 2 in Ranged Weapons
  3452 | D:4      | Reached skill level 2 in Throwing
  3452 | D:4      | Reached skill level 2 in Armour
  3452 | D:4      | Reached skill level 5 in Dodging
  3452 | D:4      | Reached skill level 2 in Shields
  3452 | D:4      | Reached skill level 2 in Unarmed Combat
  3452 | D:4      | Reached skill level 2 in Evocations
  3762 | D:4      | Reached skill level 2 in Shapeshifting
  3957 | D:4      | Reached XP level 7. HP: 51/51 MP: 12/15
  4047 | D:4      | Noticed Robin
  4050 | D:4      | Killed Robin
  4173 | D:4      | Reached skill level 2 in Conjurations
  4173 | D:4      | Reached skill level 2 in Hexes
  4173 | D:4      | Reached skill level 2 in Summonings
  4173 | D:4      | Reached skill level 2 in Necromancy
  4173 | D:4      | Reached skill level 2 in Translocations
  4173 | D:4      | Reached skill level 2 in Fire Magic
  4173 | D:4      | Reached skill level 2 in Ice Magic
  4173 | D:4      | Reached skill level 2 in Air Magic
  4173 | D:4      | Reached skill level 2 in Poison Magic
  4198 | D:4      | Reached skill level 3 in Transmutations
  4311 | D:3      | Reached skill level 5 in Stealth
  4540 | D:4      | Found an iron altar of Okawaru.
  4850 | D:4      | Found a shimmering blue altar of Sif Muna.
  4906 | D:5      | Entered Level 5 of the Dungeon
  4925 | D:5      | Found a glowing golden altar of the Shining One.
  4957 | D:5      | Found a shadowy altar of Dithmenos.
  5001 | D:4      | Reached skill level 3 in Invocations
  5228 | D:5      | You pick up a book of Burglary and begin reading...
  5228 | D:5      | You add the spells Ensorcelled Hibernation and Swiftness to
                  | your library.
  5441 | D:5      | Reached skill level 6 in Earth Magic
  5441 | D:5      | Reached XP level 8. HP: 52/57 MP: 9/16
  5484 | D:5      | Reached skill level 3 in Fighting
  5484 | D:5      | Reached skill level 3 in Short Blades
  5484 | D:5      | Reached skill level 3 in Long Blades
  5484 | D:5      | Reached skill level 3 in Axes
  5484 | D:5      | Reached skill level 3 in Maces & Flails
  5484 | D:5      | Reached skill level 3 in Polearms
  5484 | D:5      | Reached skill level 3 in Staves
  5484 | D:5      | Reached skill level 3 in Ranged Weapons
  5484 | D:5      | Reached skill level 3 in Throwing
  5484 | D:5      | Reached skill level 3 in Armour
  5484 | D:5      | Reached skill level 3 in Shields
  5484 | D:5      | Reached skill level 3 in Unarmed Combat
  5484 | D:5      | Reached skill level 3 in Evocations
  5552 | D:5      | Noticed Edmund
  5579 | D:5      | Killed Edmund
  5701 | D:5      | Found a bloodstained altar of Trog.
  5711 | D:5      | Reached skill level 6 in Spellcasting
  5963 | D:5      | Reached * piety under Ashenzari
  6159 | D:5      | Reached skill level 3 in Shapeshifting
  6161 | D:5      | Reached ** piety under Ashenzari
  6223 | D:6      | Found a radiant altar of Vehumet.
  6460 | D:6      | Reached skill level 4 in Invocations
  6502 | D:6      | Reached skill level 3 in Conjurations
  6502 | D:6      | Reached skill level 3 in Hexes
  6502 | D:6      | Reached skill level 3 in Summonings
  6502 | D:6      | Reached skill level 3 in Necromancy
  6502 | D:6      | Reached skill level 3 in Translocations
  6502 | D:6      | Reached skill level 3 in Fire Magic
  6502 | D:6      | Reached skill level 3 in Ice Magic
  6502 | D:6      | Reached skill level 3 in Air Magic
  6502 | D:6      | Reached skill level 3 in Poison Magic
  6767 | D:6      | Reached skill level 6 in Dodging
  7002 | D:6      | Reached XP level 9. HP: 67/67 MP: 16/20
  7153 | D:6      | Reached skill level 4 in Fighting
  7153 | D:6      | Reached skill level 4 in Short Blades
  7153 | D:6      | Reached skill level 4 in Long Blades
  7153 | D:6      | Reached skill level 4 in Axes
  7153 | D:6      | Reached skill level 4 in Maces & Flails
  7153 | D:6      | Reached skill level 4 in Polearms
  7153 | D:6      | Reached skill level 4 in Staves
  7153 | D:6      | Reached skill level 4 in Ranged Weapons
  7153 | D:6      | Reached skill level 4 in Throwing
  7153 | D:6      | Reached skill level 4 in Armour
  7153 | D:6      | Reached skill level 4 in Shields
  7153 | D:6      | Reached skill level 4 in Unarmed Combat
  7153 | D:6      | Reached skill level 4 in Transmutations
  7153 | D:6      | Reached skill level 4 in Evocations
  7285 | D:6      | You add the spells Ignite Poison, Sticky Flame and Ignition
                  | to your library.
  7415 | D:6      | Learned a level 2 spell: Passwall
  7560 | D:7      | Found a runed translucent gate.
  7562 | D:7      | Found a runed translucent gate.
  7562 | D:7      | Noticed a death yak
  7563 | D:7      | Noticed a manticore
  7564 | D:7      | Found a runed translucent gate.
  7564 | D:7      | Noticed a manticore
  7565 | D:7      | Noticed a death yak
  7587 | D:7      | Noticed Menkaure
  7639 | D:7      | Learned a level 3 spell: Stone Arrow
  7643 | D:7      | Learned a level 3 spell: Swiftness
  7815 | D:7      | Reached skill level 6 in Stealth
  7932 | D:7      | Noticed Maggie
  8178 | D:7      | Found a runed translucent door.
  8179 | D:7      | Noticed Crazy Yiuf
  8186 | D:7      | Killed Crazy Yiuf
  8195 | D:7      | Reached *** piety under Ashenzari
  8312 | D:7      | Found a staircase to the Ecumenical Temple.
  8324 | D:7      | You add the spells Tukima's Dance, Passage of Golubria and
                  | Yara's Violent Unravelling to your library.
  8332 | D:7      | Noticed Prince Ribbit
  8339 | D:7      | Killed Prince Ribbit
  8480 | D:7      | Reached skill level 4 in Shapeshifting
  8509 | D:7      | Killed Menkaure
  8762 | D:7      | Found a runed translucent door.
  8763 | D:7      | Noticed DEFE's ghost (novice DsFi)
  8884 | D:7      | Killed Maggie
  8885 | D:7      | Reached skill level 5 in Invocations
  9227 | D:7      | Reached skill level 7 in Spellcasting
  9358 | D:7      | Reached skill level 4 in Conjurations
  9358 | D:7      | Reached skill level 4 in Hexes
  9358 | D:7      | Reached skill level 4 in Summonings
  9358 | D:7      | Reached skill level 4 in Necromancy
  9358 | D:7      | Reached skill level 4 in Translocations
  9358 | D:7      | Reached skill level 4 in Fire Magic
  9358 | D:7      | Reached skill level 4 in Ice Magic
  9358 | D:7      | Reached skill level 4 in Air Magic
  9358 | D:7      | Reached skill level 4 in Poison Magic
  9396 | D:8      | Reached XP level 10. HP: 76/76 MP: 18/22
  9538 | D:8      | Reached skill level 5 in Fighting
  9538 | D:8      | Reached skill level 5 in Short Blades
  9538 | D:8      | Reached skill level 5 in Long Blades
  9538 | D:8      | Reached skill level 5 in Axes
  9538 | D:8      | Reached skill level 5 in Maces & Flails
  9538 | D:8      | Reached skill level 5 in Polearms
  9538 | D:8      | Reached skill level 5 in Staves
  9538 | D:8      | Reached skill level 5 in Ranged Weapons
  9538 | D:8      | Reached skill level 5 in Throwing
  9538 | D:8      | Reached skill level 5 in Armour
  9538 | D:8      | Reached skill level 5 in Shields
  9538 | D:8      | Reached skill level 5 in Unarmed Combat
  9538 | D:8      | Reached skill level 5 in Evocations
  9553 | D:8      | Noticed Grum
  9835 | D:8      | Reached skill level 7 in Earth Magic
 10017 | D:8      | Found an ornate altar of the Wu Jian Council.
 10033 | D:8      | Reached **** piety under Ashenzari
 10037 | D:8      | Found a runed translucent door.
 10040 | D:8      | Noticed Chipwarrior's ghost (novice DrAE)
 10123 | D:8      | Reached skill level 7 in Dodging
 10132 | D:8      | Killed Grum
 10208 | D:8      | Found a stormy altar of Qazlal.
 10567 | D:9      | Found a sacrificial altar of Ru.
 10657 | D:9      | Reached skill level 5 in Transmutations
 10670 | D:9      | Reached skill level 6 in Invocations
 10758 | D:9      | Noticed a two-headed ogre
 10812 | D:8      | Reached skill level 5 in Shapeshifting
 10819 | D:8      | Reached skill level 7 in Stealth
 11322 | D:9      | Found a staircase to the Lair.
 11341 | D:9      | Found a shimmering altar of Xom.
 11341 | D:9      | Found a burning altar of Makhleb.
 11589 | D:9      | Noticed a cyclops
 11894 | D:8      | Paralysed by a hornet for 3 turns
 11904 | D:8      | Reached XP level 11. HP: 65/85 MP: 19/24
 12099 | D:9      | Reached skill level 6 in Fighting
 12099 | D:9      | Reached skill level 6 in Short Blades
 12099 | D:9      | Reached skill level 6 in Long Blades
 12099 | D:9      | Reached skill level 6 in Axes
 12099 | D:9      | Reached skill level 6 in Maces & Flails
 12099 | D:9      | Reached skill level 6 in Polearms
 12099 | D:9      | Reached skill level 6 in Staves
 12099 | D:9      | Reached skill level 6 in Ranged Weapons
 12099 | D:9      | Reached skill level 6 in Throwing
 12099 | D:9      | Reached skill level 6 in Armour
 12099 | D:9      | Reached skill level 6 in Shields
 12099 | D:9      | Reached skill level 6 in Unarmed Combat
 12099 | D:9      | Reached skill level 6 in Evocations
 12260 | D:9      | Reached skill level 5 in Conjurations
 12260 | D:9      | Reached skill level 5 in Hexes
 12260 | D:9      | Reached skill level 5 in Summonings
 12260 | D:9      | Reached skill level 5 in Necromancy
 12260 | D:9      | Reached skill level 5 in Translocations
 12260 | D:9      | Reached skill level 5 in Fire Magic
 12260 | D:9      | Reached skill level 5 in Ice Magic
 12260 | D:9      | Reached skill level 5 in Air Magic
 12260 | D:9      | Reached skill level 5 in Poison Magic
 12309 | D:9      | Reached skill level 8 in Spellcasting
 12767 | D:9      | Learned a level 2 spell: Wereblood
 12771 | D:9      | Learned a level 3 spell: Tukima's Dance
 12816 | D:9      | Noticed a two-headed ogre
 12932 | D:10     | Entered Level 10 of the Dungeon
 13052 | D:10     | Found a sparkling altar of Nemelex Xobeh.
 13143 | D:10     | Found Iddovevedgh's Assorted Antiques.
 13183 | D:10     | Found an opulent altar of Gozag.
 13198 | D:10     | You pick up a book of Weapons and begin reading...
 13198 | D:10     | You add the spells Dimensional Bullseye and Iskenderun's
                  | Mystic Blast to your library.
 13202 | D:10     | Noticed a two-headed ogre
 13423 | D:10     | Reached skill level 7 in Invocations
 13487 | D:10     | Reached skill level 8 in Dodging
 13758 | D:11     | Noticed a two-headed ogre
 14016 | D:11     | Noticed a boulder beetle
 14072 | D:11     | Noticed a cyclops
 14085 | D:11     | Noticed a two-headed ogre
 14124 | D:11     | Noticed Urug
 14241 | D:11     | You pick up a book of Spectacle and begin reading...
 14241 | D:11     | You add the spells Volatile Blastmotes, Dazzling Flash,
                  | Starburst and Maxwell's Capacitive Coupling to your
                  | library.
 14277 | D:11     | Noticed a skeletal warrior
 14278 | D:11     | Noticed a skeletal warrior
 14298 | D:11     | Identified the ring of the Stallion {rPois rC+ rN+}
 14411 | D:11     | Killed a two-headed ogre
 14412 | D:11     | Reached skill level 6 in Shapeshifting
 14552 | D:11     | Reached ***** piety under Ashenzari
 14572 | D:11     | Noticed a skeletal warrior
 14804 | D:10     | Killed a two-headed ogre
 14805 | D:10     | Reached skill level 8 in Stealth
 14805 | D:10     | Reached skill level 6 in Transmutations
 15007 | D:9      | Killed a cyclops
 15093 | D:9      | Reached skill level 8 in Earth Magic
 15290 | D:9      | Killed a two-headed ogre
 15291 | D:9      | Reached skill level 7 in Fighting
 15291 | D:9      | Reached skill level 7 in Short Blades
 15291 | D:9      | Reached skill level 7 in Long Blades
 15291 | D:9      | Reached skill level 7 in Axes
 15291 | D:9      | Reached skill level 7 in Maces & Flails
 15291 | D:9      | Reached skill level 7 in Polearms
 15291 | D:9      | Reached skill level 7 in Staves
 15291 | D:9      | Reached skill level 7 in Ranged Weapons
 15291 | D:9      | Reached skill level 7 in Throwing
 15291 | D:9      | Reached skill level 7 in Armour
 15291 | D:9      | Reached skill level 7 in Shields
 15291 | D:9      | Reached skill level 7 in Unarmed Combat
 15291 | D:9      | Reached skill level 7 in Evocations
 15291 | D:9      | Reached XP level 12. HP: 63/95 MP: 2/26
 15515 | D:9      | Killed a two-headed ogre
 15684 | D:8      | Killed Chipwarrior's ghost
 15832 | D:7      | Killed DEFE's ghost
 15833 | D:7      | Reached skill level 6 in Conjurations
 15833 | D:7      | Reached skill level 6 in Hexes
 15833 | D:7      | Reached skill level 6 in Summonings
 15833 | D:7      | Reached skill level 6 in Necromancy
 15833 | D:7      | Reached skill level 6 in Translocations
 15833 | D:7      | Reached skill level 6 in Fire Magic
 15833 | D:7      | Reached skill level 6 in Ice Magic
 15833 | D:7      | Reached skill level 6 in Air Magic
 15833 | D:7      | Reached skill level 6 in Poison Magic
 16042 | Lair:1   | Entered Level 1 of the Lair of Beasts
 16187 | Lair:1   | Reached skill level 8 in Invocations
 16383 | Lair:2   | Identified the "Hetimoini"
 16392 | Lair:2   | Reached skill level 9 in Spellcasting
 16988 | D:11     | Killed a two-headed ogre
 17020 | D:11     | Killed Urug
 17320 | D:10     | HP: 23/97 [skeletal warrior/+0 long sword (19)]
 17345 | D:10     | Reached skill level 9 in Dodging
 17595 | D:11     | Killed a boulder beetle
 17596 | D:11     | Reached skill level 7 in Shapeshifting
 17981 | Lair:1   | You pick up a book of Necromancy and begin reading...
 18376 | Lair:1   | Reached skill level 9 in Stealth
 18420 | Lair:1   | Reached skill level 7 in Transmutations
 18738 | Lair:1   | Learned a level 3 spell: Confusing Touch
 18979 | Lair:1   | Reached skill level 8 in Fighting
 18979 | Lair:1   | Reached skill level 8 in Short Blades
 18979 | Lair:1   | Reached skill level 8 in Long Blades
 18979 | Lair:1   | Reached skill level 8 in Axes
 18979 | Lair:1   | Reached skill level 8 in Maces & Flails
 18979 | Lair:1   | Reached skill level 8 in Polearms
 18979 | Lair:1   | Reached skill level 8 in Staves
 18979 | Lair:1   | Reached skill level 8 in Ranged Weapons
 18979 | Lair:1   | Reached skill level 8 in Throwing
 18979 | Lair:1   | Reached skill level 8 in Armour
 18979 | Lair:1   | Reached skill level 8 in Shields
 18979 | Lair:1   | Reached skill level 8 in Unarmed Combat
 18979 | Lair:1   | Reached skill level 8 in Evocations
 18979 | Lair:1   | Reached XP level 13. HP: 103/103 MP: 15/28
 19530 | Lair:2   | You add the spells Fireball and Plasma Beam to your
                  | library.
 19686 | Lair:2   | Identified the dragon-blood talisman of Objectivity {rElec
                  | rC- Int+5 Dex-2}
 19895 | Lair:2   | Reached skill level 9 in Invocations
 20079 | Lair:2   | Learned a level 4 spell: Brom's Barrelling Boulder
 20207 | Lair:2   | Found a staircase to the Swamp.
 21230 | Lair:2   | Reached skill level 7 in Conjurations
 21230 | Lair:2   | Reached skill level 7 in Hexes
 21230 | Lair:2   | Reached skill level 7 in Summonings
 21230 | Lair:2   | Reached skill level 7 in Necromancy
 21230 | Lair:2   | Reached skill level 7 in Translocations
 21230 | Lair:2   | Reached skill level 7 in Fire Magic
 21230 | Lair:2   | Reached skill level 7 in Ice Magic
 21230 | Lair:2   | Reached skill level 7 in Air Magic
 21230 | Lair:2   | Reached skill level 9 in Earth Magic
 21230 | Lair:2   | Reached skill level 7 in Poison Magic
 22278 | Lair:3   | Reached skill level 10 in Spellcasting
 22335 | Lair:3   | Found a staircase to the Snake Pit.
 22550 | Lair:3   | Found a runed translucent door.
 22550 | Lair:3   | Found a shimmering altar of Xom.
 22550 | Lair:3   | Noticed Sykibbee's ghost (journeyman GnWn)
 23455 | Lair:3   | Learned a level 5 spell: Yara's Violent Unravelling
 23648 | Lair:3   | Reached skill level 8 in Shapeshifting
 23709 | Lair:3   | Killed Sykibbee's ghost
 23803 | Lair:3   | Reached skill level 10 in Dodging
 25238 | Lair:4   | Reached skill level 9 in Fighting
 25238 | Lair:4   | Reached skill level 9 in Short Blades
 25238 | Lair:4   | Reached skill level 9 in Long Blades
 25238 | Lair:4   | Reached skill level 9 in Axes
 25238 | Lair:4   | Reached skill level 9 in Maces & Flails
 25238 | Lair:4   | Reached skill level 9 in Polearms
 25238 | Lair:4   | Reached skill level 9 in Staves
 25238 | Lair:4   | Reached skill level 9 in Ranged Weapons
 25238 | Lair:4   | Reached skill level 9 in Throwing
 25238 | Lair:4   | Reached skill level 9 in Armour
 25238 | Lair:4   | Reached skill level 9 in Shields
 25238 | Lair:4   | Reached skill level 9 in Unarmed Combat
 25238 | Lair:4   | Reached skill level 9 in Evocations
 25238 | Lair:4   | Reached XP level 14. HP: 113/113 MP: 27/30
 25299 | Lair:4   | Reached skill level 10 in Stealth
 25991 | Lair:5   | Entered Level 5 of the Lair of Beasts
 26796 | Lair:5   | Reached skill level 10 in Invocations
 26896 | Lair:5   | Reached skill level 8 in Transmutations
 27220 | Lair:5   | Found a runed translucent door.
 27322 | Lair:5   | Found a viscous altar of Jiyva.
 27322 | Lair:5   | Found a staircase to the Slime Pits.
 27322 | Lair:5   | Noticed an acid blob
 29491 | Lair:5   | You pick up a book of Death and begin reading...
 29491 | Lair:5   | You add the spells Animate Dead, Haunt and Infestation to
                  | your library.
 29615 | Lair:5   | Reached skill level 8 in Conjurations
 29615 | Lair:5   | Reached skill level 8 in Hexes
 29615 | Lair:5   | Reached skill level 8 in Summonings
 29615 | Lair:5   | Reached skill level 8 in Necromancy
 29615 | Lair:5   | Reached skill level 8 in Translocations
 29615 | Lair:5   | Reached skill level 8 in Fire Magic
 29615 | Lair:5   | Reached skill level 8 in Ice Magic
 29615 | Lair:5   | Reached skill level 8 in Air Magic
 29615 | Lair:5   | Reached skill level 8 in Poison Magic
 30519 | Lair:5   | You pick up a book of Spectacle and begin reading...
 31280 | Snake:1  | Entered Level 1 of the Snake Pit
 31280 | Snake:1  | Identified the +1 chain mail "Xoallih" {Regen+ Str+3}
 31296 | Snake:1  | Reached ****** piety under Ashenzari
 31586 | Snake:1  | Reached skill level 11 in Spellcasting
 31769 | Snake:1  | Reached skill level 9 in Shapeshifting
 32083 | Snake:1  | Learned a level 4 spell: Animate Dead
 32104 | Snake:1  | Reached skill level 10 in Earth Magic
 32110 | Snake:1  | Reached XP level 15. HP: 93/122 MP: 8/32
 32421 | Snake:1  | Reached skill level 11 in Dodging
 32448 | Snake:1  | Noticed Asterion
 32613 | Snake:1  | Found a runed translucent gate.
 32613 | Snake:1  | Found a runed translucent gate.
 32613 | Snake:1  | Found a runed translucent gate.
 32615 | Snake:1  | Noticed JaaP's ghost (journeyman MiFi)
 32670 | Snake:1  | Reached skill level 10 in Fighting
 32670 | Snake:1  | Reached skill level 10 in Short Blades
 32670 | Snake:1  | Reached skill level 10 in Long Blades
 32670 | Snake:1  | Reached skill level 10 in Axes
 32670 | Snake:1  | Reached skill level 10 in Maces & Flails
 32670 | Snake:1  | Reached skill level 10 in Polearms
 32670 | Snake:1  | Reached skill level 10 in Staves
 32670 | Snake:1  | Reached skill level 10 in Ranged Weapons
 32670 | Snake:1  | Reached skill level 10 in Throwing
 32670 | Snake:1  | Reached skill level 10 in Armour
 32670 | Snake:1  | Reached skill level 10 in Shields
 32670 | Snake:1  | Reached skill level 10 in Unarmed Combat
 32670 | Snake:1  | Reached skill level 10 in Evocations
 32956 | Snake:1  | Identified the serpent talisman of Repulsion {Will++ Int+2}
 32956 | Snake:1  | Noticed Aizul
 33231 | Snake:1  | Killed Aizul
 33232 | Snake:1  | Reached skill level 11 in Invocations
 33387 | Snake:1  | HP: 13/122 [blizzard demon/bolt of lightning[Asterion]
                  | (39)]
 33643 | Snake:1  | Found Numn's Antique Weapon Emporium.
 33657 | Snake:1  | Bought a glowing demon blade for 504 gold pieces
 34036 | Snake:2  | Reached skill level 11 in Stealth
 34405 | Snake:2  | Found Tiawkysch's Firing Range.
 34568 | Snake:2  | You add the spells Sting, Poisonous Vapours and Olgreb's
                  | Toxic Radiance to your library.
 34856 | Snake:2  | Found Bownes's Antique Armour Shoppe.
 34886 | Snake:2  | Found a transporter.
 34886 | Snake:2  | Found the +5 moon troll leather armour {Spirit, Regen++
                  | MP+5}
 34887 | Snake:2  | Identified the scarf of Inquiry {+Inv, rF+ rN+ Slay-5 SInv}
 34902 | Snake:2  | Found a transporter.
 35853 | Snake:3  | Reached skill level 9 in Transmutations
 36183 | Snake:3  | Found Rungiq's Assorted Antiques.
 37211 | Snake:3  | Found a runed translucent door.
 37213 | Snake:3  | Noticed a nagaraja
 37390 | Snake:3  | Identified the +6 scale mail of Suchotul {rPois Str+3
                  | Int-5}
 37642 | Snake:4  | Entered Level 4 of the Snake Pit
 37765 | Snake:4  | Noticed a nagaraja
 38785 | D:12     | Reached skill level 9 in Conjurations
 38785 | D:12     | Reached skill level 9 in Hexes
 38785 | D:12     | Reached skill level 9 in Summonings
 38785 | D:12     | Reached skill level 9 in Necromancy
 38785 | D:12     | Reached skill level 9 in Translocations
 38785 | D:12     | Reached skill level 9 in Fire Magic
 38785 | D:12     | Reached skill level 9 in Ice Magic
 38785 | D:12     | Reached skill level 9 in Air Magic
 38785 | D:12     | Reached skill level 9 in Poison Magic
 39022 | D:12     | Found a staircase to the Orcish Mines.
 39022 | D:12     | Identified a scroll of acquirement
 39276 | D:12     | Acquired a staff of death
 39294 | D:12     | Found Ennut's General Store.
 39315 | D:12     | Bought a scroll of enchant armour for 120 gold pieces
 39726 | D:13     | Reached XP level 16. HP: 129/129 MP: 23/33
 39732 | D:13     | Learned a level 5 spell: Agony
 39736 | D:13     | Learned a level 3 spell: Vampiric Draining
 39741 | D:13     | Learned a level 4 spell: Dispel Undead
 39993 | D:13     | You pick up a book of Debilitation and begin reading...
 39993 | D:13     | You add the spells Slow and Sigil of Binding to your
                  | library.
 40374 | D:13     | Identified the +1 scale mail of Cowardice {rF+ SInv}
 40717 | D:13     | Reached skill level 10 in Shapeshifting
 41133 | D:13     | Found a gate to the Vaults.
 41202 | D:13     | Reached skill level 12 in Spellcasting
 41953 | D:14     | Found a gate leading to a gauntlet.
 41978 | Gauntlet | Entered a Gauntlet
 41978 | Gauntlet | Found a transporter.
 41978 | Gauntlet | Found a transporter.
 42068 | Gauntlet | Found a transporter.
 42071 | Gauntlet | Found a transporter.
 42079 | Gauntlet | Found a transporter.
 42082 | Gauntlet | Found a transporter.
 42091 | Gauntlet | Found a transporter.
 42108 | Gauntlet | Identified the ring of Balance {Ice rN+++ Str-3 Int+4}
 42109 | Gauntlet | Found a transporter.
 42113 | Gauntlet | Found a transporter.
 42116 | Gauntlet | Found a transporter.
 42126 | Gauntlet | Found a transporter.
 42178 | Gauntlet | Found a transporter.
 42346 | Gauntlet | Learned a level 6 spell: Plasma Beam
 42578 | Gauntlet | Reached skill level 11 in Fighting
 42578 | Gauntlet | Reached skill level 11 in Short Blades
 42578 | Gauntlet | Reached skill level 11 in Long Blades
 42578 | Gauntlet | Reached skill level 11 in Axes
 42578 | Gauntlet | Reached skill level 11 in Maces & Flails
 42578 | Gauntlet | Reached skill level 11 in Polearms
 42578 | Gauntlet | Reached skill level 11 in Staves
 42578 | Gauntlet | Reached skill level 11 in Ranged Weapons
 42578 | Gauntlet | Reached skill level 11 in Throwing
 42578 | Gauntlet | Reached skill level 11 in Armour
 42578 | Gauntlet | Reached skill level 11 in Shields
 42578 | Gauntlet | Reached skill level 11 in Unarmed Combat
 42578 | Gauntlet | Reached skill level 11 in Evocations
 42780 | Gauntlet | Identified the +11 long sword of Premature Burial {flame,
                  | Will- Dex+5}
 42780 | Gauntlet | Identified +0 gold dragon scales
 42780 | Gauntlet | Identified the ring "Bimusu" {*Corrode Will+ Str+7 Slay+4
                  | Stlth+}
 42801 | Gauntlet | n - +0 gold dragon scales {rare}
 43341 | Snake:3  | Noticed a nagaraja
 43456 | Snake:4  | Killed a nagaraja
 43457 | Snake:4  | Reached skill level 12 in Invocations
 43897 | Snake:4  | Noticed a nagaraja
 43899 | Snake:4  | Reached skill level 12 in Dodging
 43900 | Snake:4  | Killed a nagaraja
 43992 | Snake:4  | HP: 31/125 [naga ritualist/+0 glaive (12)]
 44410 | Snake:4  | Found Acaoseal's Book Emporium.
 44452 | Snake:4  | Noticed a nagaraja
 44459 | Snake:4  | Killed a nagaraja
 44584 | Snake:4  | Noticed a nagaraja
 44690 | Snake:4  | Noticed a nagaraja
 44724 | Snake:4  | Killed a nagaraja
 44725 | Snake:4  | Reached skill level 12 in Stealth
 44854 | Snake:4  | Reached skill level 11 in Earth Magic
 44979 | Snake:4  | Killed a nagaraja
 45095 | Snake:4  | Noticed a nagaraja
 45100 | Snake:4  | Killed a nagaraja
 45394 | Snake:4  | Noticed a nagaraja
 45605 | Snake:4  | HP: 45/189 [nagaraja/bolt of poison (9)]
 45608 | Snake:4  | Killed a nagaraja
 45624 | Snake:4  | Identified the cursed +1 cloak of Ashenzari's Omen {rPois,
                  | Fort, Bglg} (You took it off Crazy Yiuf on level 7 of the
                  | Dungeon)
 45624 | Snake:4  | Identified the cursed +2 pair of gloves of the Stellar
                  | Negation {Fort, Comp} (You found it on level 6 of the
                  | Dungeon)
 45624 | Snake:4  | Identified the cursed +0 pair of boots of Ashenzari's
                  | Prison {Elem, Fort} (You found it on level 2 of the Lair of
                  | Beasts)
 45624 | Snake:4  | Identified the cursed +0 swamp dragon scales "Sidereal
                  | Negligence" {rPois, Cun, Elem} (You took it off Maggie on
                  | level 7 of the Dungeon)
 45906 | Snake:4  | Noticed a nagaraja
 46392 | Snake:4  | HP: 15/126 [nagaraja/poison arrow (23)]
 46397 | Snake:4  | HP: 22/126 [constriction (2)]
 46399 | Snake:4  | Killed a nagaraja
 46712 | Snake:4  | Reached skill level 10 in Transmutations
 46942 | Snake:4  | Reached XP level 17. HP: 131/131 MP: 14/33
 47284 | Snake:4  | Got a serpentine rune of Zot
 48521 | Snake:4  | You pick up a book of Debilitation and begin reading...
 49439 | Snake:3  | Reached skill level 10 in Conjurations
 49439 | Snake:3  | Reached skill level 10 in Hexes
 49439 | Snake:3  | Reached skill level 10 in Summonings
 49439 | Snake:3  | Reached skill level 10 in Necromancy
 49439 | Snake:3  | Reached skill level 10 in Translocations
 49439 | Snake:3  | Reached skill level 10 in Fire Magic
 49439 | Snake:3  | Reached skill level 10 in Ice Magic
 49439 | Snake:3  | Reached skill level 10 in Air Magic
 49439 | Snake:3  | Reached skill level 10 in Poison Magic
 49680 | Swamp:1  | Identified the "Gopilumo"
 49680 | Swamp:1  | Entered Level 1 of the Swamp
 50002 | Swamp:1  | Noticed Kirke
 50101 | Lair:2   | Identified the cursed +1 helmet of Ashenzari's Urgency
                  | {Range, Fort} (You found it on level 5 of the Lair of
                  | Beasts)
 50259 | Lair:2   | Killed Kirke
 50418 | Swamp:1  | Reached skill level 11 in Shapeshifting
 50491 | Swamp:1  | Reached skill level 13 in Invocations
 50784 | Swamp:1  | Reached skill level 12 in Fighting
 50784 | Swamp:1  | Reached skill level 12 in Short Blades
 50784 | Swamp:1  | Reached skill level 12 in Long Blades
 50784 | Swamp:1  | Reached skill level 12 in Axes
 50784 | Swamp:1  | Reached skill level 12 in Maces & Flails
 50784 | Swamp:1  | Reached skill level 12 in Polearms
 50784 | Swamp:1  | Reached skill level 12 in Staves
 50784 | Swamp:1  | Reached skill level 12 in Ranged Weapons
 50784 | Swamp:1  | Reached skill level 12 in Throwing
 50784 | Swamp:1  | Reached skill level 12 in Armour
 50784 | Swamp:1  | Reached skill level 12 in Shields
 50784 | Swamp:1  | Reached skill level 12 in Unarmed Combat
 50784 | Swamp:1  | Reached skill level 12 in Evocations
 51043 | Swamp:1  | You pick up a book of Frost and begin reading...
 51043 | Swamp:1  | You add the spells Freeze, Frozen Ramparts and Hailstorm to
                  | your library.
 51156 | Swamp:1  | Identified the +3 ring mail of the Griffon {Fly Int+5}
 51315 | Swamp:1  | Reached skill level 13 in Spellcasting
 53122 | Swamp:2  | Reached skill level 13 in Dodging
 53505 | Swamp:3  | You add the spells Summon Forest and Eringya's Noxious Bog
                  | to your library.
 53548 | Swamp:3  | Found a frozen archway.
 53554 | IceCv    | Entered an ice cave
 53886 | IceCv    | Identified the +1 pair of gloves of the Harvest {rN+}
 53957 | IceCv    | Reached XP level 18. HP: 147/147 MP: 3/37
 54171 | IceCv    | Reached skill level 13 in Stealth
 54422 | IceCv    | Noticed an Ice Fiend
 54442 | IceCv    | Killed an Ice Fiend
 54581 | IceCv    | Identified a +2 crystal plate armour of cold resistance
 54597 | IceCv    | You pick up a book of Necromancy and begin reading...
 54682 | IceCv    | Y - a +2 crystal plate armour of cold resistance {rare=g}
 55082 | Swamp:3  | Identified the +5 scale mail of Ificsiekh {rN+}
 55094 | Swamp:3  | Noticed Bai Suzhen
 55610 | Swamp:3  | You drop a +2 crystal plate armour of cold resistance
                  | {rare=g}.
 55857 | Swamp:3  | You pick up a book of Touch and begin reading...
 56427 | Swamp:3  | HP: 23/147 [Bai Suzhen] (39)]
 56731 | Swamp:3  | Killed Bai Suzhen
 56779 | Swamp:4  | Entered Level 4 of the Swamp
 57526 | Swamp:4  | Noticed Donald
 57700 | Swamp:4  | Killed Donald
 57702 | Swamp:4  | Reached skill level 12 in Earth Magic
 58058 | Swamp:4  | Reached skill level 11 in Ice Magic
 58070 | Swamp:4  | Reached skill level 11 in Transmutations
 58487 | Swamp:4  | You pick up a book of Necromancy and begin reading...
 58762 | Swamp:4  | You pick up a book of Iron and begin reading...
 58762 | Swamp:4  | You add the spells Summon Lightning Spire, Animate Armour
                  | and Lee's Rapid Deconstruction to your library.
 59174 | Swamp:4  | You pick up a book of Conjurations {@e2} and begin
                  | reading...
 59174 | Swamp:4  | You add the spells Magic Dart, Searing Ray and Fulminant
                  | Prism to your library.
 59269 | Swamp:4  | Got a decaying rune of Zot
 59658 | Snake:3  | Bought a scroll of enchant armour for 217 gold pieces
 60225 | Lair:5   | Found a runed translucent door.
 60225 | Lair:5   | Found a viscous altar of Jiyva.
 60225 | Lair:5   | Found a staircase to the Slime Pits.
 60570 | Orc:1    | Entered Level 1 of the Orcish Mines
 60899 | Orc:2    | Entered Level 2 of the Orcish Mines
 60899 | Orc:2    | Found a burning altar of Makhleb.
 60926 | Orc:2    | Found a staircase to the Elven Halls.
 60938 | Orc:2    | Found Doemy's Overcharged Wands.
 61132 | Orc:2    | Found Orghur's Antique Weapon Boutique.
 61601 | Orc:2    | Found Xeag's General Store.
 61601 | Orc:2    | Found Fyosusam's Distillery.
 61603 | Orc:2    | Found Pimir's General Store.
 61605 | Orc:2    | Found Zifami's Distillery.
 61774 | Orc:2    | Reached skill level 14 in Invocations
 62091 | Orc:2    | Bought a potion of heal wounds for 50 gold pieces
 62091 | Orc:2    | Bought a potion of heal wounds for 50 gold pieces
 62098 | Orc:2    | Bought a potion of heal wounds for 60 gold pieces
 63257 | Orc:2    | Bought a scroll of enchant armour for 97 gold pieces
 63258 | Orc:2    | Bought 2 potions of curing for 72 gold pieces
 63282 | Orc:2    | Upgraded the game from 0.31-a0-977-gc230f8ef24 to
                  | 0.31-a0-978-g1e143483b6
 63282 | Orc:2    | magus.rc [v1.9.6]
 64088 | Snake:4  | Bought a book of Beasts for 684 gold pieces
 64088 | Snake:4  | You pick up a book of Beasts and begin reading...
 64088 | Snake:4  | You add the spells Summon Ice Beast, Summon Mana Viper and
                  | Monstrous Menagerie to your library.
 64417 | D:13     | Learned a level 7 spell: Monstrous Menagerie
 64464 | D:14     | Reached skill level 11 in Conjurations
 64464 | D:14     | Reached skill level 11 in Hexes
 64464 | D:14     | Reached skill level 11 in Summonings
 64464 | D:14     | Reached skill level 11 in Necromancy
 64464 | D:14     | Reached skill level 11 in Translocations
 64464 | D:14     | Reached skill level 11 in Fire Magic
 64464 | D:14     | Reached skill level 11 in Air Magic
 64464 | D:14     | Reached skill level 11 in Poison Magic
 64740 | D:14     | Reached skill level 13 in Fighting
 64740 | D:14     | Reached skill level 13 in Short Blades
 64740 | D:14     | Reached skill level 13 in Long Blades
 64740 | D:14     | Reached skill level 13 in Axes
 64740 | D:14     | Reached skill level 13 in Maces & Flails
 64740 | D:14     | Reached skill level 13 in Polearms
 64740 | D:14     | Reached skill level 13 in Staves
 64740 | D:14     | Reached skill level 13 in Ranged Weapons
 64740 | D:14     | Reached skill level 13 in Throwing
 64740 | D:14     | Reached skill level 13 in Armour
 64740 | D:14     | Reached skill level 13 in Shields
 64740 | D:14     | Reached skill level 13 in Unarmed Combat
 64740 | D:14     | Reached skill level 13 in Evocations
 64757 | D:14     | Reached XP level 19. HP: 153/155 MP: 11/38
 64786 | D:13     | Reached skill level 12 in Shapeshifting
 65117 | D:14     | Found an opulent altar of Gozag.
 65192 | D:14     | Noticed Lodul
 65237 | D:14     | Killed Lodul
 65291 | D:14     | Found Binlacew's Tiny Tomes.
 65692 | D:15     | Entered Level 15 of the Dungeon
 65814 | D:15     | Noticed Rupert
 65833 | D:15     | Killed Rupert
 66379 | D:15     | Reached skill level 14 in Spellcasting
 66418 | D:15     | Found a staircase to the Depths.
 66766 | D:15     | Noticed Josephine
 66775 | D:15     | Killed Josephine
 67538 | Orc:1    | You fall into a shaft and drop 1 floor!
 67799 | Vaults:5 | Identified the of Ileoq
 67799 | Vaults:5 | Identified the "Gioczaz"
 67799 | Vaults:5 | Identified the "Coiged"
 67799 | Crypt:3  | Identified the "Doalaelo"
 67799 | Crypt:3  | Identified the of Yfurhule
 67799 | Depths:2 | Identified the "Quimaim"
 67799 | Elf:1    | Identified the "Deczok"
 67799 | Elf:3    | Identified the "Cyloot"
 67799 | Elf:3    | Identified the "Kalesa"
 67799 | Elf:3    | Identified the "Iloin Genna"
 67799 | Elf:3    | Identified the "Heenarph"
 67799 | Elf:3    | Identified the "Panuicri"
 67799 | Zot:3    | Identified the of Mecvonir
 67799 | Slime:1  | Entered Level 1 of the Pits of Slime
 67824 | Lair:5   | Reached skill level 14 in Dodging
 67858 | Lair:5   | Reached skill level 12 in Ice Magic
 69302 | Slime:2  | Found a viscous altar of Jiyva.
 69789 | Slime:1  | Reached skill level 14 in Stealth
 70978 | Slime:4  | HP: 6/156 [disintegration (37)]
 72009 | Slime:5  | Identified the "Qaengoy"
 72009 | Slime:5  | Entered Level 5 of the Pits of Slime
 72134 | Slime:4  | Reached XP level 20. HP: 85/164 MP: 9/40
 72396 | Orc:2    | magus.rc [v1.9.6]
 72396 | Orc:2    | magus.rc [v1.9.6]
 72402 | Elf:1    | Entered Level 1 of the Elven Halls
 72958 | Elf:1    | Reached skill level 15 in Invocations
 73323 | Elf:1    | Reached skill level 12 in Transmutations
 73362 | Elf:1    | Paralysed by an air elemental for 1 turns
 73730 | Elf:1    | Reached skill level 13 in Ice Magic
 73983 | Elf:1    | Reached skill level 13 in Earth Magic
 74065 | Elf:1    | You add the spells Momentum Strike and Summon Horrible
                  | Things to your library.
 74134 | Elf:1    | You pick up a book of the Wilderness and begin reading...
 74413 | Elf:2    | You drop +0 gold dragon scales {rare}.
 74460 | Elf:2    | Identified the +4 dagger "Sarcophage" {pain, rN++ Will-
                  | Int+4}
 74796 | Elf:2    | Reached skill level 14 in Fighting
 74796 | Elf:2    | Reached skill level 14 in Short Blades
 74796 | Elf:2    | Reached skill level 14 in Long Blades
 74796 | Elf:2    | Reached skill level 14 in Axes
 74796 | Elf:2    | Reached skill level 14 in Maces & Flails
 74796 | Elf:2    | Reached skill level 14 in Polearms
 74796 | Elf:2    | Reached skill level 14 in Staves
 74796 | Elf:2    | Reached skill level 14 in Ranged Weapons
 74796 | Elf:2    | Reached skill level 14 in Throwing
 74796 | Elf:2    | Reached skill level 14 in Armour
 74796 | Elf:2    | Reached skill level 14 in Shields
 74796 | Elf:2    | Reached skill level 14 in Unarmed Combat
 74796 | Elf:2    | Reached skill level 14 in Evocations
 75338 | Elf:2    | Found a runed translucent gate.
 75338 | Elf:2    | Found a runed translucent gate.
 75338 | Elf:2    | Found a runed translucent gate.
 75773 | Elf:2    | Reached skill level 13 in Shapeshifting
 75887 | Elf:2    | Reached skill level 12 in Conjurations
 75887 | Elf:2    | Reached skill level 12 in Hexes
 75887 | Elf:2    | Reached skill level 12 in Summonings
 75887 | Elf:2    | Reached skill level 12 in Necromancy
 75887 | Elf:2    | Reached skill level 12 in Translocations
 75887 | Elf:2    | Reached skill level 12 in Fire Magic
 75887 | Elf:2    | Reached skill level 12 in Air Magic
 75887 | Elf:2    | Reached skill level 12 in Poison Magic
 76568 | Elf:2    | Reached skill level 15 in Spellcasting
 77002 | Elf:3    | Entered Level 3 of the Elven Halls
 77006 | Elf:3    | Paralysed by an air elemental for 1 turns
 77614 | Elf:3    | You pick up a book of the Earth and begin reading...
 77614 | Elf:3    | You add the spells Leda's Liquefaction and Bombard to your
                  | library.
 77799 | Elf:3    | Reached skill level 15 in Dodging
 77810 | Elf:3    | You pick up a book of Unlife and begin reading...
 77810 | Elf:3    | You add the spells Borgnjor's Vile Clutch and Death Channel
                  | to your library.
 77943 | Elf:3    | Reached XP level 21. HP: 142/172 MP: 5/42
 78502 | Elf:3    | Reached skill level 15 in Stealth
 78740 | Elf:3    | Identified the +1 morningstar of Integrity {elec, rElec}
 78740 | Elf:3    | Identified the ring "Cugosagam" {rC+ AC+4 Str+4}
 79092 | Elf:3    | Identified the +4 orcbow "Dragon's Peril" {heavy, Contam
                  | rC+ Dex+4 Stlth+}
 79092 | Elf:3    | Identified the staff "Molares" {rF++ rC+ Int-3 Ice}
 79092 | Elf:3    | Identified the ring "Keer" {rC+ Str+3}
 79158 | Elf:3    | Reached skill level 14 in Ice Magic
 79162 | Elf:3    | You are cast into the Abyss!
 79162 | Abyss:2  | Cast into level 2 of the Abyss (a deep elf demonologist)
 79239 | Abyss:2  | Found a corrupted altar of Lugonu.
 79479 | Elf:3    | You pass through the gate.
 79479 | Elf:3    | Escaped the Abyss
 79548 | Elf:3    | Identified the "Vieved" (You acquired it on level 3 of the
                  | Elven Halls)
 79548 | Elf:3    | Acquired 912 gold pieces
 79600 | Elf:3    | Identified the +2 orcbow "Ulahigy" {antimagic, Will+}
 79708 | Elf:3    | You add the spells Irradiate and Silence to your library.
 79710 | Elf:3    | You pick up a book of Lightning and begin reading...
 79710 | Elf:3    | You add the spells Vhi's Electric Charge and Arcjolt to
                  | your library.
 79711 | Elf:3    | Identified the +1 dagger "Cede" {venom, rN+ Will+ Dex-4}
 79723 | Elf:3    | You add the spells Cigotuvi's Dreadful Rot and Mephitic
                  | Cloud to your library.
 79754 | Elf:3    | You pick up a book of Party Tricks and begin reading...
 79754 | Elf:3    | You add the spells Apportation, Jinxbite and Alistair's
                  | Intoxication to your library.
 79844 | Elf:3    | Identified the staff of Precise Incision {rF+ rN+ Int+3
                  | Dex-2 Fire}
 80162 | Elf:3    | Upgraded the game from 0.31-a0-978-g1e143483b6 to
                  | 0.31-a0-981-geadf994542
 80162 | Elf:3    | magus.rc [v1.9.6]
 80162 | Elf:3    | magus.rc [v1.9.6]
 80584 | Snake:2  | HP: 37/172 [shock serpent/bolt of electricity (11)]
 80976 | Snake:2  | You pick up a book of Storms and begin reading...
 80976 | Snake:2  | You add the spells Static Discharge and Airstrike to your
                  | library.
 81242 | Snake:2  | Bought a pair of glowing gloves for 262 gold pieces
 81355 | Snake:1  | Killed Asterion
 81356 | Snake:1  | Reached skill level 16 in Invocations
 81758 | D:13     | Learned a level 7 spell: Haunt
 81762 | Vaults:1 | Entered Level 1 of the Vaults
 81775 | Vaults:1 | Identified the +5 scimitar "Ipiontid" {drain, Will+ rCorr
                  | Dex+2}
 82144 | Vaults:1 | You pick up a book of Blood and begin reading...
 82155 | Vaults:1 | Learned a level 6 spell: Death Channel
 82161 | Vaults:1 | Learned a level 5 spell: Borgnjor's Vile Clutch
 82295 | Vaults:1 | Found Qony's Armour Emporium.
 82687 | Vaults:1 | Reached skill level 14 in Shapeshifting
 82972 | Vaults:1 | Reached skill level 15 in Fighting
 82972 | Vaults:1 | Reached skill level 15 in Short Blades
 82972 | Vaults:1 | Reached skill level 15 in Long Blades
 82972 | Vaults:1 | Reached skill level 15 in Axes
 82972 | Vaults:1 | Reached skill level 15 in Maces & Flails
 82972 | Vaults:1 | Reached skill level 15 in Polearms
 82972 | Vaults:1 | Reached skill level 15 in Staves
 82972 | Vaults:1 | Reached skill level 15 in Ranged Weapons
 82972 | Vaults:1 | Reached skill level 15 in Throwing
 82972 | Vaults:1 | Reached skill level 15 in Armour
 82972 | Vaults:1 | Reached skill level 15 in Shields
 82972 | Vaults:1 | Reached skill level 15 in Unarmed Combat
 82972 | Vaults:1 | Reached skill level 15 in Evocations
 83141 | Vaults:1 | Identified the +6 dire flail "Jiqicop" {vamp, Dex+2}
 83149 | Vaults:1 | Reached XP level 22. HP: 181/181 MP: 36/43
 83173 | Vaults:1 | Reached skill level 13 in Transmutations
 83487 | Vaults:1 | Gained mutation: You are agile. (Dex +4, Str/Int -1)
                  | [potion of mutation]
 84172 | Vaults:2 | Found a staircase to the Crypt.
 84174 | Vaults:2 | Noticed a curse skull
 84175 | Vaults:2 | Noticed a curse skull
 84195 | Vaults:2 | Found a gateway to a bazaar.
 84747 | Vaults:2 | Killed a curse skull
 84755 | Vaults:2 | Killed a curse skull
 85549 | Vaults:2 | Reached skill level 14 in Earth Magic
 85557 | Vaults:2 | Reached skill level 16 in Spellcasting
 85557 | Vaults:2 | Reached skill level 15 in Ice Magic
 85557 | Vaults:2 | Identified the +5 hand axe "Fegge" {pain, rElec Dex+4}
 85776 | Vaults:2 | Reached skill level 13 in Conjurations
 85776 | Vaults:2 | Reached skill level 13 in Hexes
 85776 | Vaults:2 | Reached skill level 13 in Summonings
 85776 | Vaults:2 | Reached skill level 13 in Necromancy
 85776 | Vaults:2 | Reached skill level 13 in Translocations
 85776 | Vaults:2 | Reached skill level 13 in Fire Magic
 85776 | Vaults:2 | Reached skill level 13 in Air Magic
 85776 | Vaults:2 | Reached skill level 13 in Poison Magic
 85960 | Vaults:2 | Found a large runed translucent door.
 85960 | Vaults:2 | Found a large runed translucent door.
 85960 | Vaults:2 | Identified the +0 pair of boots of Grace {Rampage}
 85960 | Vaults:2 | Noticed t4s4d4r's ghost (adept DsEE)
 85960 | Vaults:2 | Noticed DEFE's ghost (adept DsFi)
 86407 | Bazaar   | Entered a bazaar
 86419 | Bazaar   | Found Bawuow's Antique Armour Shoppe.
 86419 | Bazaar   | Found Jeicoud's Antique Weapon Shoppe.
 86452 | Bazaar   | Found Ihazihar's Jewellery Emporium.
 86453 | Bazaar   | Found Wukobrowann's Distillery.
 86500 | Bazaar   | Bought glowing fire dragon scales for 1260 gold pieces
 86502 | Bazaar   | Bought an encrusted leather armour for 140 gold pieces
 86502 | Bazaar   | Identified the +0 leather armour of Intuition {Will+ Str+3}
                  | (You bought it in a shop in a bazaar)
 86527 | Bazaar   | Bought 2 potions of mutation for 192 gold pieces
 86527 | Bazaar   | Bought a potion of mutation for 96 gold pieces
 86593 | Bazaar   | Lost mutation: You are agile. (Dex +4, Str/Int -1) [potion
                  | of mutation]
 86593 | Bazaar   | Gained mutation: You have hidden genetic potential. [potion
                  | of mutation]
 86593 | Bazaar   | Gained mutation: You have great hidden genetic potential.
                  | [potion of mutation]
 86636 | Bazaar   | Bought a potion of curing for 36 gold pieces
 86636 | Bazaar   | Bought a potion of magic for 96 gold pieces
 86636 | Bazaar   | Bought a potion of haste for 120 gold pieces
 86636 | Bazaar   | Bought a potion of curing for 36 gold pieces
 86636 | Bazaar   | Bought a potion of resistance for 120 gold pieces
 87125 | Vaults:3 | Reached skill level 16 in Dodging
 87569 | Vaults:3 | Noticed Xtahua
 87575 | Vaults:3 | Paralysed by Xtahua for 4 turns
 87582 | Vaults:3 | Killed Xtahua
 87798 | Vaults:3 | Found a runed translucent gate.
 87798 | Vaults:3 | Found a runed translucent gate.
 87798 | Vaults:3 | Found a runed translucent gate.
 87798 | Vaults:3 | Noticed Fauhuump's ghost (adept TeAE)
 88000 | Vaults:3 | Identified the +1 barding of Protective Custody {rElec rC+
                  | Regen+}
 88001 | Vaults:3 | Found a viscous altar of Jiyva.
 88001 | Vaults:3 | Identified the +3 great sword "Rusker" {spect, Str+3 Dex-4}
 88186 | Vaults:3 | Reached skill level 16 in Stealth
 88330 | Vaults:3 | Noticed Jory
 88355 | Vaults:3 | Killed Jory
 88813 | Vaults:4 | Reached skill level 15 in Shapeshifting
 88898 | Vaults:4 | You pick up a book of Vapours and begin reading...
 89563 | Vaults:4 | Noticed Mennas
 90005 | Vaults:4 | Reached skill level 17 in Invocations
 90021 | Vaults:4 | Reached XP level 23. HP: 163/189 MP: 18/45
 90057 | Vaults:4 | Noticed Mara
 90144 | Vaults:4 | Noticed Aequonox's illusion
 90164 | Vaults:4 | Killed Mara
 91462 | Depths:1 | Entered Level 1 of the Depths
 91774 | Depths:1 | Found a one-way gate leading to the halls of Pandemonium.
 92392 | Depths:1 | Found a gateway to Hell.
 92636 | Depths:2 | Gained mutation: Your flesh is heat resistant. (rF+)
                  | [hidden potential]
 92686 | Depths:1 | Reached skill level 16 in Ice Magic
 92825 | Depths:2 | Found a broken altar of Ashenzari.
 92860 | Depths:2 | Reached skill level 16 in Fighting
 92860 | Depths:2 | Reached skill level 16 in Short Blades
 92860 | Depths:2 | Reached skill level 16 in Long Blades
 92860 | Depths:2 | Reached skill level 16 in Axes
 92860 | Depths:2 | Reached skill level 16 in Maces & Flails
 92860 | Depths:2 | Reached skill level 16 in Polearms
 92860 | Depths:2 | Reached skill level 16 in Staves
 92860 | Depths:2 | Reached skill level 16 in Ranged Weapons
 92860 | Depths:2 | Reached skill level 16 in Throwing
 92860 | Depths:2 | Reached skill level 16 in Armour
 92860 | Depths:2 | Reached skill level 16 in Shields
 92860 | Depths:2 | Reached skill level 16 in Unarmed Combat
 92860 | Depths:2 | Reached skill level 16 in Evocations
 93194 | Depths:2 | You pick up a book of Annihilations and begin reading...
 93194 | Depths:2 | You add the spells Chain Lightning, Fire Storm and Shatter
                  | to your library.
 93349 | Depths:2 | Noticed a caustic shrike
 93492 | Depths:2 | Found Ylun's Distillery.
 93507 | Depths:2 | Bought a potion of brilliance for 52 gold pieces
 93507 | Depths:2 | Bought a potion of enlightenment for 65 gold pieces
 93507 | Depths:2 | Bought a potion of might for 52 gold pieces
 93626 | Depths:2 | Killed a caustic shrike
 93627 | Depths:2 | Reached skill level 16 in Shapeshifting
 93950 | Depths:2 | Identified the +4 whip of Sikhli {venom, Contam rElec Dex-3
                  | Stlth+}
 93963 | Depths:2 | Identified the +3 great mace of Contradiction {chaos, rElec
                  | rN+ Dex+2}
 94028 | Depths:2 | +0 shadow dragon scales {rare}; a shadow dragon corpse
 94050 | Depths:2 | +0 shadow dragon scales {rare}; a shadow dragon corpse
 94172 | Depths:2 | You add the spells Ozocubu's Armour and Ozocubu's
                  | Refrigeration to your library.
 94248 | Depths:2 | +0 shadow dragon scales {rare}; a shadow dragon corpse
 94691 | Depths:3 | Reached skill level 14 in Transmutations
 95546 | Depths:3 | Found a one-way gate to the infinite horrors of the Abyss.
 95594 | Depths:3 | Reached skill level 17 in Spellcasting
 95611 | Depths:3 | Reached XP level 24. HP: 133/206 MP: 13/48
 95651 | Depths:3 | Identified the +4 trident of Gallantry {freeze, rElec}
 96323 | Depths:4 | Entered Level 4 of the Depths
 96345 | Depths:4 | Found Oxineg's Book Shoppe.
 96348 | Depths:4 | Found Pucuckou's Jewellery Shop.
 96350 | Depths:4 | Found Rado's Book Shoppe.
 96362 | Depths:4 | Bought a book of Spatial Translocations for 288 gold pieces
 96362 | Depths:4 | You pick up a book of Spatial Translocations and begin
                  | reading...
 96362 | Depths:4 | You add the spells Blink and Lesser Beckoning to your
                  | library.
 96390 | Depths:4 | Reached skill level 17 in Dodging
 96394 | Depths:4 | Reached skill level 14 in Conjurations
 96394 | Depths:4 | Reached skill level 14 in Hexes
 96394 | Depths:4 | Reached skill level 14 in Summonings
 96394 | Depths:4 | Reached skill level 14 in Necromancy
 96394 | Depths:4 | Reached skill level 14 in Translocations
 96394 | Depths:4 | Reached skill level 14 in Fire Magic
 96394 | Depths:4 | Reached skill level 14 in Air Magic
 96394 | Depths:4 | Reached skill level 14 in Poison Magic
 96404 | Depths:4 | Found a one-way gateway to a ziggurat.
 96776 | Depths:4 | Reached skill level 15 in Earth Magic
 96852 | Depths:4 | Reached skill level 17 in Stealth
 97119 | Depths:4 | Found a portal to a secret trove of treasure.
 97234 | Depths:4 | Gained mutation: You have large cloven feet. [hidden
                  | potential]
 97234 | Depths:4 | Lost mutation: You have great hidden genetic potential.
                  | [hidden potential expressed]
 97311 | Depths:4 | Reached skill level 18 in Invocations
 97311 | Depths:4 | +0 shadow dragon scales {rare}; a shadow dragon corpse
 97468 | Depths:4 | Found a gate to the Realm of Zot.
 97483 | Depths:4 | +0 shadow dragon scales {rare}; a shadow dragon corpse
 97524 | Depths:4 | +0 shadow dragon scales {rare}; a shadow dragon skeleton
 97526 | Depths:4 | +0 storm dragon scales {rare}; a storm dragon skeleton
 97532 | Depths:4 | +0 storm dragon scales {rare}; a storm dragon skeleton
 97534 | Depths:4 | +0 shadow dragon scales {rare}; a shadow dragon skeleton
 98061 | Depths:3 | magus.rc [v1.9.6]
 98061 | Depths:3 | magus.rc [v1.9.6]
 98061 | Depths:3 | magus.rc [v1.9.6]
 98061 | Depths:3 | magus.rc [v1.9.6]
 98061 | Depths:3 | Upgraded the game from 0.31-a0-981-geadf994542 to
                  | 0.31-a0-983-g7b6862f502
 98061 | Depths:3 | magus.rc [v1.9.6]
 98061 | Depths:3 | magus.rc [v1.9.6]
 98061 | Depths:3 | magus.rc [v1.9.6]
 98061 | Depths:3 | magus.rc [v1.9.6]
 98061 | Depths:3 | magus.rc [v1.9.6]
 98701 | Slime:5  | Paralysed by a formless jellyfish for 1 turns
 98839 | Slime:5  | Reached skill level 17 in Ice Magic
 98845 | Slime:5  | Reached skill level 17 in Shapeshifting
 98847 | Slime:5  | Noticed the Royal Jelly
 98873 | Slime:5  | Killed the Royal Jelly
 98905 | Slime:5  | Identified the +1 battleaxe "Lucax" {elec, rN+}
 98905 | Slime:5  | Identified the ring of Mistrust {rElec rF+ rCorr SInv}
 98906 | Slime:5  | Identified the staff of the Endless March {rC+ Str+3 Dex-5
                  | Stlth+ Ice}
 98907 | Slime:5  | Identified the ring "Kuegheup" {rPois Str+2 Dex+6 Slay+2}
 98908 | Slime:5  | Identified the amulet of Makhleb's Envy {Acrobat rPois rC++
                  | Str+3}
 98908 | Slime:5  | Identified the +0 scale mail of Polytheism {rF+ rC+ Str+2
                  | Int-3}
 98910 | Slime:5  | Identified the +8 ring mail "Lesiohucoo" {Int+4}
 98911 | Slime:5  | Identified the staff "Coatwueq" {rElec MP+9 Str+2 Dex+3
                  | Air}
 98946 | Slime:5  | You pick up a book of Decay and begin reading...
 98975 | Slime:5  | You pick up a book of Dangerous Friends and begin
                  | reading...
 98975 | Slime:5  | You add the spells Orb of Destruction and Spellforged
                  | Servitor to your library.
 98981 | Slime:5  | Got a slimy rune of Zot
 98996 | Slime:5  | You pick up a book of Power and begin reading...
 99018 | Slime:5  | You pick up a book of Armaments and begin reading...
100185 | Depths:4 | Bought the ring "Naoddail" {rElec rN+} for 680 gold pieces
100990 | D:10     | Bought a potion of enlightenment for 105 gold pieces
101361 | Crypt:1  | Entered Level 1 of the Crypt
101941 | Crypt:1  | You pick up a book of the Spheres and begin reading...
102735 | Crypt:1  | Found a basalt altar of Yredelemnul.
102790 | Crypt:1  | Reached skill level 17 in Fighting
102790 | Crypt:1  | Reached skill level 17 in Short Blades
102790 | Crypt:1  | Reached skill level 17 in Long Blades
102790 | Crypt:1  | Reached skill level 17 in Axes
102790 | Crypt:1  | Reached skill level 17 in Maces & Flails
102790 | Crypt:1  | Reached skill level 17 in Polearms
102790 | Crypt:1  | Reached skill level 17 in Staves
102790 | Crypt:1  | Reached skill level 17 in Ranged Weapons
102790 | Crypt:1  | Reached skill level 17 in Throwing
102790 | Crypt:1  | Reached skill level 17 in Armour
102790 | Crypt:1  | Reached skill level 17 in Shields
102790 | Crypt:1  | Reached skill level 17 in Unarmed Combat
102790 | Crypt:1  | Reached skill level 17 in Evocations
102799 | Crypt:1  | Reached XP level 25. HP: 208/208 MP: 14/47
103624 | Crypt:2  | Noticed a royal mummy
104013 | Crypt:2  | Noticed Khufu
104646 | Crypt:3  | Entered Level 3 of the Crypt
104999 | Crypt:3  | Learned a level 8 spell: Maxwell's Capacitive Coupling
105080 | Crypt:3  | Gained mutation: You have a somewhat thin skeletal
                  | structure. (Dex +2, Stealth+) [hidden potential]
105089 | Crypt:3  | Identified the +9 flail of the Hurtling Gods {holy, rPois}
105531 | Crypt:3  | Noticed an ancient lich
105539 | Crypt:3  | Killed an ancient lich
105540 | Crypt:3  | Reached skill level 18 in Shapeshifting
105672 | Crypt:3  | Found a shimmering altar of Xom.
105995 | Crypt:3  | Noticed Vv
106000 | Crypt:3  | Killed Vv
106010 | Crypt:3  | Reached skill level 18 in Spellcasting
106233 | Crypt:3  | Found a staircase to the Tomb.
106233 | Crypt:3  | Identified the +4 short sword "Utaalon" {heavy, Will+
                  | Str+3}
106350 | Tomb:1   | Identified the "Askeibum"
106350 | Tomb:1   | Entered Level 1 of the Tomb of the Ancients
107110 | Depths:4 | You paid a toll of a +5 demon trident to enter a treasure
                  | trove
107111 | Trove    | Entered a treasure trove
107134 | Trove    | Identified a potion of experience
107152 | Trove    | Reached skill level 18 in Dodging
107152 | Trove    | Reached skill level 15 in Transmutations
107152 | Trove    | Reached skill level 18 in Ice Magic
107152 | Trove    | Reached XP level 26. HP: 220/220 MP: 48/48
107158 | Trove    | Identified the +5 mace "Hodd" {freeze, rF+}
107284 | Trove    | Learned a level 2 spell: Blink
107359 | Trove    | Learned a level 5 spell: Lee's Rapid Deconstruction
108220 | Vaults:5 | Entered Level 5 of the Vaults
108223 | Vaults:5 | Noticed a dread lich
108271 | Vaults:4 | Killed Mennas
108698 | Vaults:4 | Reached skill level 18 in Stealth
108698 | Vaults:4 | Reached skill level 19 in Invocations
109034 | Vaults:4 | Reached skill level 15 in Conjurations
109034 | Vaults:4 | Reached skill level 15 in Hexes
109034 | Vaults:4 | Reached skill level 15 in Summonings
109034 | Vaults:4 | Reached skill level 15 in Necromancy
109034 | Vaults:4 | Reached skill level 15 in Translocations
109034 | Vaults:4 | Reached skill level 15 in Fire Magic
109034 | Vaults:4 | Reached skill level 15 in Air Magic
109034 | Vaults:4 | Reached skill level 15 in Poison Magic
109125 | Vaults:4 | Killed a dread lich
109465 | Vaults:4 | quicksilver dragon scales {rare}; a quicksilver dragon
                  | corpse
109481 | Vaults:4 | quicksilver dragon scales {rare}; a quicksilver dragon
                  | corpse
109671 | Vaults:5 | Paralysed by a sphinx for 2 turns
109675 | Vaults:5 | Reached skill level 16 in Earth Magic
109686 | Vaults:5 | Reached XP level 27. HP: 132/228 MP: 10/48
110310 | Vaults:5 | Reached skill level 19 in Shapeshifting
110468 | Vaults:5 | Identified the +4 falchion of Integrity {flame, Int+2}
110497 | Vaults:5 | Gained mutation: Your flesh is very heat resistant. (rF++)
                  | [hidden potential]
110497 | Vaults:5 | Lost mutation: You have hidden genetic potential. [hidden
                  | potential expressed]
110582 | Vaults:5 | Got a silver rune of Zot
110627 | Vaults:5 | Identified the +1 scale mail of Jaicephu {Harm Int+3}
110634 | Vaults:5 | Reached skill level 18 in Polearms
110637 | Vaults:5 | You add the spells Gell's Gravitas and Teleport Other to
                  | your library.
110639 | Vaults:5 | You pick up a book of Hexes and begin reading...
110639 | Vaults:5 | You add the spells Anguish, Cause Fear and Enfeeble to your
                  | library.
110666 | Vaults:5 | You pick up a book of Changes and begin reading...
110758 | Vaults:5 | +0 shadow dragon scales {rare}; a shadow dragon corpse
110771 | Vaults:5 | Identified the +4 ring mail of the Bagpipe {Int+5 Dex+3}
110772 | Vaults:5 | Identified the +2 short sword of Ninexel {freeze, Fly Str+3
                  | Int+4 Dex+4}
110772 | Vaults:5 | Identified the ring "Hadihiul" {rElec Int+3 Dex+3 SInv}
110800 | Vaults:5 | You pick up a book of Blood and begin reading...
111410 | Vaults:4 | Reached skill level 18 in Fighting
111410 | Vaults:4 | Reached skill level 18 in Short Blades
111410 | Vaults:4 | Reached skill level 18 in Long Blades
111410 | Vaults:4 | Reached skill level 18 in Axes
111410 | Vaults:4 | Reached skill level 18 in Maces & Flails
111410 | Vaults:4 | Reached skill level 18 in Staves
111410 | Vaults:4 | Reached skill level 18 in Ranged Weapons
111410 | Vaults:4 | Reached skill level 18 in Throwing
111410 | Vaults:4 | Reached skill level 18 in Armour
111410 | Vaults:4 | Reached skill level 18 in Shields
111410 | Vaults:4 | Reached skill level 18 in Unarmed Combat
111410 | Vaults:4 | Reached skill level 18 in Evocations
111800 | Zot:1    | Entered Level 1 of the Realm of Zot
112521 | Zot:1    | Reached skill level 19 in Ice Magic
112766 | Zot:1    | You pick up a book of Touch and begin reading...
113181 | Zot:2    | You pick up a book of Annihilations and begin reading...
113182 | Zot:2    | Identified the "Ysoicze Hido" (You acquired it on level 2
                  | of the Realm of Zot)
113182 | Zot:2    | Acquired the +0 cloak "Lust" {Will+}
113519 | Zot:2    | Noticed an electric golem
113537 | Zot:2    | +0 storm dragon scales {rare}; a storm dragon corpse
113549 | Zot:2    | Killed an electric golem
113569 | Zot:2    | +0 storm dragon scales {rare}; a storm dragon corpse
114343 | Zot:3    | Identified +0 gold dragon scales
114345 | Zot:3    | +0 gold dragon scales {rare}; a golden dragon corpse
114408 | Zot:3    | Identified the +10 dagger of Diqaorea {venom, rC+}
114433 | Zot:3    | Reached skill level 19 in Spellcasting
114651 | Zot:3    | Reached skill level 19 in Polearms
114860 | Zot:3    | Reached skill level 20 in Invocations
114863 | Zot:3    | Identified the amulet "Ubliuqol" {Acrobat rC++ rN+ Dex+2}
114867 | Zot:3    | Reached skill level 19 in Dodging
114874 | Zot:3    | Identified the +8 chain mail "Bajen" {Contam rElec rF+ rC+}
115531 | Zot:3    | Noticed a curse toe
115536 | Zot:3    | Killed a curse toe
115586 | Zot:3    | You pick up a book of the Hunter and begin reading...
115851 | Zot:4    | Reached skill level 19 in Stealth
115868 | Zot:4    | Reached skill level 16 in Transmutations
115868 | Zot:4    | Reached skill level 20 in Shapeshifting
116998 | Zot:5    | Entered Level 5 of the Realm of Zot
117031 | Zot:5    | Reached skill level 16 in Conjurations
117031 | Zot:5    | Reached skill level 16 in Hexes
117031 | Zot:5    | Reached skill level 16 in Summonings
117031 | Zot:5    | Reached skill level 16 in Necromancy
117031 | Zot:5    | Reached skill level 16 in Translocations
117031 | Zot:5    | Reached skill level 16 in Fire Magic
117031 | Zot:5    | Reached skill level 16 in Air Magic
117031 | Zot:5    | Reached skill level 16 in Poison Magic
117082 | Zot:5    | HP: 51/231 [white draconian stormcaller/divine providence[a
                  | purple draconian shifter] (14)]
117397 | Zot:5    | You pick up a book of the Senses and begin reading...
117897 | Zot:5    | Noticed a dread lich
117907 | Zot:5    | Killed a dread lich
117918 | Zot:5    | Noticed an ancient lich
117930 | Zot:5    | Noticed an orb of fire
117932 | Zot:5    | Noticed an orb of fire
117943 | Zot:5    | Gained mutation: You are vulnerable to cold. (rC-) [an orb
                  | of fire]
117947 | Zot:5    | Noticed an ancient lich
117949 | Zot:5    | Noticed an orb of fire
118166 | Zot:5    | Gained mutation: You occasionally lose the ability to read
                  | scrolls when taking damage. [an orb of fire]
118176 | Zot:5    | Gained mutation: You are clumsy. (Dex -2) [an orb of fire]
118184 | Zot:5    | Gained mutation: Armour fits poorly on your strangely
                  | shaped body. [an orb of fire]
118186 | Zot:5    | Killed an orb of fire
118201 | Zot:5    | Reached skill level 20 in Ice Magic
118210 | Zot:5    | Noticed an ancient lich
118227 | Zot:5    | Killed an ancient lich
118259 | Zot:5    | Killed an ancient lich
118372 | Zot:5    | Noticed a dread lich
118395 | Zot:5    | Killed a dread lich
118396 | Zot:5    | Reached skill level 19 in Fighting
118396 | Zot:5    | Reached skill level 19 in Short Blades
118396 | Zot:5    | Reached skill level 19 in Long Blades
118396 | Zot:5    | Reached skill level 19 in Axes
118396 | Zot:5    | Reached skill level 19 in Maces & Flails
118396 | Zot:5    | Reached skill level 19 in Staves
118396 | Zot:5    | Reached skill level 19 in Ranged Weapons
118396 | Zot:5    | Reached skill level 19 in Throwing
118396 | Zot:5    | Reached skill level 19 in Armour
118396 | Zot:5    | Reached skill level 19 in Shields
118396 | Zot:5    | Reached skill level 19 in Unarmed Combat
118396 | Zot:5    | Reached skill level 17 in Earth Magic
118396 | Zot:5    | Reached skill level 19 in Evocations
118414 | Zot:5    | Reached skill level 20 in Polearms
118418 | Zot:5    | Noticed a dread lich
118424 | Zot:5    | Killed a dread lich
118681 | Zot:5    | Noticed an ancient lich
118687 | Zot:5    | Killed an ancient lich
118711 | Zot:5    | Killed an ancient lich
118734 | Zot:5    | Noticed an ancient lich
118746 | Zot:5    | Killed an ancient lich
118911 | Zot:5    | Noticed an ancient lich
118912 | Zot:5    | +0 shadow dragon scales {rare}; a shadow dragon corpse
118919 | Zot:5    | +0 shadow dragon scales {rare}; a shadow dragon corpse
118922 | Zot:5    | Killed an ancient lich
118962 | Zot:5    | Noticed an electric golem
118972 | Zot:5    | Killed an electric golem
119013 | Zot:5    | Reached skill level 21 in Shapeshifting
119034 | Zot:5    | Noticed an electric golem
119041 | Zot:5    | Gained mutation: You are occasionally teleported next to
                  | monsters. [an orb of fire]
119045 | Zot:5    | Killed an orb of fire
119047 | Zot:5    | Gained mutation: You do not regenerate when monsters are
                  | visible. [an orb of fire]
119050 | Zot:5    | Gained mutation: Your body sometimes deteriorates upon
                  | taking damage. [an orb of fire]
119055 | Zot:5    | Killed an orb of fire
119111 | Zot:5    | Killed an electric golem
119148 | Zot:5    | +0 shadow dragon scales {rare}; a shadow dragon skeleton
119160 | Zot:5    | +0 shadow dragon scales {rare}; a shadow dragon skeleton
119208 | Zot:5    | Got the Orb of Zot
119652 | D:7      | Gained mutation: You occasionally shout uncontrollably at
                  | your foes. [a cacodemon]
119839 | D:$      | Escaped with the Orb!

Vanquished Creatures
  2 dread liches (Zot:5)
  7 ancient liches
  3 orbs of fire (Zot:5)
  Mennas (Vaults:4)
  Vv (Crypt:3)
  Bai Suzhen (Swamp:3)
  2 Killer Klowns (Zot:5)
  Xtahua (Vaults:3)
  Jory (Vaults:3)
  2 golden dragons (Zot:3)
  An electric golem (Zot:2)
  An Ice Fiend (IceCv)
  Rupert (D:15)
  2 deep elf blademasters (Elf:3)
  9 tentacled monstrosities
  A shard shrike skeleton (Abyss:2)
  A walking earthen tome (Depths:2)
  13 Orb Guardians (Zot:5)
  6 quicksilver dragons
  5 liches
  Asterion (Snake:1)
  7 sphinxes
  2 deep elf master archers (Elf:3)
  3 titans
  7 acid blobs
  A walking frostbound tome (Depths:4)
  2 thorn hunters (Swamp:3)
  An Executioner (D:13)
  2 tengu reavers
  13 storm dragons
  5 death cobs
  10 shadow dragons
  Donald (Swamp:4)
  Kirke (Lair:2)
  5 azure jellies
  2 draconian monks
  8 rockslimes
  9 nagarajas
  3 frost giants
  3 fire giants
  3 draconian knights
  14 vault wardens
  An iron dragon (Depths:4)
  5 ghouls
  2 balrugs
  7 deep elf sorcerers
  6 ghost moths
  5 draconian stormcallers
  A juggernaut zombie (Crypt:3)
  3 draconian shifters
  3 deep elf elementalists (Elf:3)
  3 orc warlords
  2 curse skulls (Vaults:2)
  5 draconian scorchers
  A cacodemon (D:7)
  A spriggan defender (Depths:3)
  2 draconian annihilators
  2 quicksilver oozes
  5 war gargoyles
  11 very ugly things
  A reaper (Crypt:2)
  8 stone giants
  4 vampire knights
  9 ironbound preservers
  A caustic shrike skeleton (Crypt:3)
  2 ironbound thunderhulks (Vaults:3)
  7 green draconians
  A minotaur (Gauntlet)
  A lorocyproca (Depths:2)
  8 deep elf annihilators
  4 eleionomae
  7 red draconians
  8 black draconians
  5 deep elf demonologists
  8 bunyips
  A spark wasp (Depths:3)
  4 white draconians
  7 yellow draconians
  8 purple draconians
  6 dire elephants
  3 eidola
  6 deep elf death magi
  6 ettins
  A shambling mangrove (Swamp:4)
  A quicksilver dragon zombie (Crypt:3)
  4 crystal guardians
  7 fire dragons
  A deep elf high priest (Vaults:4)
  2 spriggan zombies (Crypt:3)
  A fenstrider witch zombie (Abyss:2)
  6 jiangshi
  22 vault guards
  8 great orbs of eyes
  4 ice dragons
  2 salamander tyrants (Snake:4)
  11 yaktaur captains
  4 catoblepae
  2 rakshasas
  3 ironbound frosthearts
  21 hydras
  A peacekeeper (Vaults:3)
  The ghost of Sykibbee the Thaumaturge, a journeyman GnWn of Cheibriados (Lair:3)
  A caustic shrike simulacrum (IceCv)
  2 spriggan air magi (Depths:4)
  3 ghost crabs
  2 spriggan skeletons (Crypt:3)
  6 alligators
  3 death knights
  A fenstrider witch skeleton (Crypt:3)
  17 anacondas
  9 two-headed ogres
  7 centaur warriors (Vaults:1)
  3 boulder beetles
  An ogre mage (D:13)
  2 tengu warriors
  29 dancing weapons
  9 naga warriors
  2 deep troll shamans (Depths:3)
  5 spriggan berserkers
  3 death yaks
  An occultist (Depths:2)
  An orc high priest (Vaults:1)
  A quicksilver ooze zombie (Crypt:1)
  3 deep troll earth magi
  3 thrashing horrors (Abyss:2)
  Urug (D:11)
  4 vampire magi
  7 shock serpents
  12 naga sharpshooters
  16 deep elf knights
  7 hell knights
  A soul eater (Depths:2)
  A sun demon (Depths:3)
  5 iron trolls
  A wretched star (Abyss:2)
  3 salamander mystics
  11 skeletal warriors
  A skyshark (Lair:2)
  2 sixfirhies (D:7)
  A fire crab (shapeshifter) (D:13)
  Lodul (D:14)
  6 goliath frogs
  9 bog bodies
  The ghost of DEFE the Slicer, a novice DsFi of Uskayaw (D:7)
  25 deep trolls
  4 naga ritualists
  A death drake (Swamp:2)
  An orb spider (shapeshifter) (Depths:3)
  An obsidian statue (IceCv)
  A flayed ghost (Vaults:5)
  14 orc knights
  2 orange crystal statues
  4 phantasmal warriors
  4 lindwurms
  A bunyip skeleton (Abyss:2)
  10 ironbound convokers
  6 mana vipers
  2 arcanists
  2 spriggan simulacra (IceCv)
  11 swamp dragons
  2 glowing orange brains
  30 deep elf pyromancers
  33 deep elf zephyrmancers
  2 orc sorcerers
  4 harpies (Vaults:3)
  5 necromancers
  37 ugly things
  An iron giant skeleton (Crypt:1)
  22 deep elf archers
  A manticore (D:13)
  19 moths of wrath
  2 shining eyes (Slime:5)
  A jorogumo skeleton (Crypt:1)
  A wolf spider (D:15)
  8 cyclopes
  A cyclops (shapeshifter) (Vaults:5)
  2 will-o-the-wisps
  9 salamanders
  3 guardian serpents
  42 black mambas
  62 slime creatures
  12 elephants
  13 naga magi
  2 smoke demons
  A gargoyle (Gauntlet)
  13 vault sentinels
  8 cane toads
  An orange demon (D:7)
  3 torpor snails
  2 eyes of devastation
  A centaur skeleton (Crypt:3)
  A yaktaur zombie (Vaults:4)
  Maggie (D:7)
  22 yaktaurs
  A tormentor (Depths:1)
  2 unseen horrors (D:10)
  A rime drake (Lair:1)
  A guardian mummy (Tomb:1)
  19 nameless horrors
  10 freezing wraiths
  3 tengu conjurers
  A rime drake (shapeshifter) (Elf:3)
  An alligator snapping turtle skeleton (Crypt:3)
  7 komodo dragons
  3 ice devils (IceCv)
  An unseen horror skeleton (Crypt:1)
  A harpy zombie (Crypt:3)
  2 merfolk (D:14)
  2 polar bears (Lair:5)
  5 trolls
  3 bloated husks
  14 tyrant leeches
  Prince Ribbit (D:7)
  A glass eye (Slime:4)
  17 hornets
  A raiju (Abyss:2)
  16 blink frogs
  2 dream sheep (Lair:5)
  15 flying skulls
  An ice dragon skeleton (Abyss:2)
  3 air elementals
  2 shadows
  7 water elementals
  21 spriggans
  A vampire (D:11)
  2 golden eyes
  4 starcursed masses (Abyss:2)
  9 wraiths
  64 yaks
  5 hogs (Swamp:1)
  3 dire elephant simulacra (IceCv)
  7 humans (D:14)
  3 wyverns
  2 fire elementals (Elf:2)
  A basilisk (D:13)
  Grum (D:8)
  9 vampire mosquitoes
  3 steam dragons
  12 minotaur simulacra (IceCv)
  Edmund (D:5)
  Menkaure (D:7)
  3 harpy simulacra
  A faun zombie (Crypt:1)
  4 large abominations (Abyss:2)
  An acid dragon (Zot:3)
  2 wargs
  4 two-headed ogre zombies
  17 swamp worms
  57 nagas
  A naga zombie (Crypt:3)
  A naga skeleton (Crypt:3)
  2 hydra simulacra (IceCv)
  49 orc warriors
  A two-headed ogre skeleton (Abyss:2)
  17 water moccasins
  8 swamp drakes
  An ice beast (D:7)
  9 black bears
  3 sky beasts
  An elephant zombie (Crypt:1)
  12 boggarts
  13 ogres
  16 centaurs
  57 wolves
  A swamp dragon skeleton (Crypt:2)
  3 phantoms
  4 kobold brigands
  An earth elemental (Elf:2)
  4 scorpions
  13 deep troll simulacra (IceCv)
  14 bullfrogs
  4 small abominations (Gauntlet)
  A shapeshifter zombie (Crypt:1)
  A queen bee zombie (Crypt:1)
  3 lindwurm simulacra (IceCv)
  A troll zombie (D:12)
  11 killer bees
  A troll skeleton (Crypt:2)
  5 howler monkeys
  A raiju skeleton (Crypt:1)
  A crimson imp (D:9)
  4 quasits
  4 hounds
  A jelly (D:6)
  Crazy Yiuf (D:7)
  A gnoll bouda (Orc:1)
  17 orc priests
  5 iguanas
  19 orc wizards
  A sleepcap (D:6)
  6 hell rats (Lair:5)
  6 ogre zombies
  4 mummies (Tomb:1)
  Robin (D:4)
  3 gnolls
  14 adders
  4 ufetubi
  An iguana zombie (Crypt:2)
  2 worms (D:2)
  3 dart slugs
  73 orcs
  7 ball pythons
  5 bats
  12 endoplasms
  2 giant cockroaches (D:2)
  A gnoll zombie (D:12)
  16 goblins
  12 hobgoblins
  6 quokkas
  3 training dummies (Snake:2)
  4 frilled lizards
  3 gnoll skeletons (D:12)
  A goblin skeleton (D:5)
  A goblin zombie (D:5)
  4 hobgoblin zombies (D:5)
  10 kobolds
  2 kobold skeletons (D:5)
  An orc skeleton (D:12)
  20 orc zombies
  8 rats
2035 creatures vanquished.

Vanquished Creatures (collateral kills)
  the Royal Jelly (Slime:5)
  2 dread liches
  Mara (Vaults:4)
  2 Killer Klowns (Zot:5)
  A curse toe (Zot:3)
  A caustic shrike (Depths:2)
  3 golden dragons
  2 bone dragons
  2 electric golems (Zot:5)
  8 tentacled monstrosities
  A walking crystal tome (Depths:4)
  12 Orb Guardians (Zot:5)
  A titan (Vaults:5)
  14 acid blobs
  7 death cobs
  A sphinx (Depths:2)
  2 ancient champions
  8 shadow dragons
  3 tengu reavers (Vaults:5)
  Aizul (Snake:1)
  3 storm dragons
  A nagaraja (Snake:4)
  A draconian monk (Zot:1)
  7 rockslimes
  2 fire giants (Depths:3)
  5 azure jellies (Slime:5)
  2 frost giants
  A draconian knight (Depths:4)
  2 vault wardens (Vaults:4)
  2 draconian scorchers
  A deep elf elementalist (Elf:3)
  6 ghouls
  3 stone giants
  6 very ugly things
  2 war gargoyles (Crypt:3)
  7 ironbound preservers
  A spriggan defender (Depths:4)
  3 draconian shifters
  3 draconian annihilators
  10 quicksilver oozes
  5 formless jellyfish
  2 ironbound thunderhulks (Vaults:4)
  A vampire knight (Crypt:3)
  4 black draconians
  3 red draconians
  5 yellow draconians
  3 purple draconians
  3 white draconians
  5 dire elephants
  3 deep elf death magi
  2 eidola
  2 ettins (Vaults:5)
  A crystal guardian (Crypt:3)
  Josephine (D:15)
  3 jiangshi (Crypt:1)
  2 yaktaur captains
  2 fire dragons (Depths:2)
  3 great orbs of eyes
  5 ice dragons (Depths:3)
  A peacekeeper (Vaults:4)
  2 hydras (D:14)
  2 spriggan zombies (Depths:4)
  3 rakshasas
  A spriggan air mage (Depths:4)
  10 vault guards
  An anaconda (Snake:3)
  6 centaur warriors
  3 ironbound frosthearts
  7 dancing weapons
  A boulder beetle (D:15)
  6 deep troll shamans
  A naga sharpshooter (Snake:2)
  A titan zombie (Crypt:3)
  4 deep troll earth magi
  2 shock serpents (Snake:3)
  4 vampire magi (Crypt:1)
  2 occultists (Depths:2)
  A hell knight (Crypt:3)
  2 spriggan berserkers
  A tengu warrior (Depths:2)
  An emperor scorpion zombie (Crypt:2)
  2 deep elf knights (Elf:2)
  A sixfirhy (Depths:1)
  8 skeletal warriors
  A fire crab (shapeshifter) (D:15)
  20 deep trolls
  An orb spider (shapeshifter) (Vaults:5)
  2 deep elf archers (Elf:2)
  6 flayed ghosts
  An orange crystal statue (Snake:2)
  2 glowing orange brains
  4 ironbound convokers
  3 phantasmal warriors
  3 necromancers (Crypt:3)
  A naga ritualist (Snake:1)
  A mana viper (Snake:3)
  3 orc knights
  A lindwurm (Vaults:2)
  4 arcanists
  13 ugly things
  6 deep elf zephyrmancers
  6 deep elf pyromancers
  An orc sorcerer (Vaults:1)
  3 shining eyes (Slime:5)
  3 cyclopes (D:14)
  2 nameless horrors
  A salamander (Snake:2)
  An iron dragon skeleton (Crypt:2)
  A human zombie (Vaults:4)
  3 moths of wrath
  2 black mambas (Snake:3)
  4 vault sentinels
  16 yaktaurs
  4 freezing wraiths
  A merfolk (D:14)
  A glass eye (Slime:5)
  An ice dragon zombie (Depths:2)
  61 slime creatures
  7 flying skulls
  A centaur simulacrum (Crypt:2)
  A black mamba zombie (Crypt:1)
  An air elemental (Elf:1)
  A black mamba skeleton (Crypt:2)
  A yak (Lair:2)
  7 water elementals
  2 wraiths
  4 humans (D:14)
  2 golden eyes (Slime:1)
  A redback (shapeshifter) (Depths:2)
  2 deep troll zombies
  A large abomination (Abyss:2)
  3 nagas
  An acid dragon (Zot:3)
  3 orc warriors
  3 boggarts
  3 centaurs (D:14)
  A necrophage (Crypt:1)
  An earth elemental (Elf:3)
  A raiju skeleton (Crypt:2)
  A wolf skeleton (Crypt:2)
  An orc priest (D:15)
  An orc wizard (Orc:1)
  A gnoll (Orc:1)
  An iguana skeleton (Crypt:2)
  6 orcs
  A bat skeleton (Crypt:2)
  A kobold (D:13)
  21 boulders
533 creatures vanquished.

Vanquished Creatures (others)
  An iron dragon (Zot:3)
  2 Killer Klown zombies (Zot:5)
  A very ugly thing zombie (Vaults:5)
  3 acid blob zombies (Slime:5)
  A quicksilver dragon zombie (Zot:2)
  A centaur warrior (Vaults:4)
  A sphinx zombie (Vaults:5)
  6 Orb Guardian zombies (Zot:5)
  An azure jelly zombie (Slime:5)
  A deep troll earth mage (Depths:4)
  The ghost of Chipwarrior the Zephyrmancer, a novice DrAE of Ru (D:8)
  3 storm dragon zombies
  A deep elf knight (Elf:3)
  A ghost moth zombie (Zot:4)
  3 shadow dragon zombies
  A fire giant zombie (Depths:3)
  A deep elf pyromancer (Elf:2)
  8 ugly thing zombies
  A stone giant zombie (Depths:2)
  A deep elf zephyrmancer (Elf:3)
  4 draconian zombies
  2 shock serpent zombies (Snake:2)
  A formless jellyfish zombie (Vaults:2)
  2 dire elephant zombies (Vaults:4)
  3 black draconian zombies
  A red draconian zombie (Zot:2)
  3 white draconian zombies (Zot:1)
  2 purple draconian zombies
  2 iron troll zombies (Depths:4)
  A redback zombie (Depths:2)
  2 great orb of eyes zombies
  5 moth of wrath zombies
  2 fire dragon zombies (Depths:2)
  19 human zombies
  An ice dragon zombie (Depths:2)
  A guardian serpent zombie (Snake:1)
  3 black mamba zombies
  2 humans (Swamp:1)
  4 dancing weapons
  7 slime creature zombies
  2 two-headed ogre zombies (D:13)
  22 deep troll zombies
  2 lindwurm zombies (Vaults:1)
  23 elf zombies
  A kobold brigand (D:13)
  16 yaktaur zombies
  A salamander zombie (Snake:1)
  2 tengu zombies
  7 centaur zombies
  2 boggart zombies (D:13)
  2 ogre zombies
  6 naga zombies
  An orc (Orc:2)
  3 gnoll zombies (Orc:1)
  3 kobold zombies (D:13)
  35 orc zombies
  16 boulders
  2 foxfires (Swamp:4)
252 creatures vanquished.

Grand Total: 2820 creatures vanquished

Table legend:
 A = Non-vault XP
 B = Vault XP
 C = Vault XP percentage of total XP
 D = Non-vault monster count
 E = Vault monster count
 F = Vault count percentage of total count
                 A         B        C        D         E       F
            +---------+---------+-------+---------+---------+-------
      Total |  812778 |  672764 |  45.3 |    1562 |     937 |  37.5
            +---------+---------+-------+---------+---------+-------
        D:1 |      46 |       0 |   0.0 |      25 |       0 |   0.0
        D:2 |      89 |       3 |   3.3 |      22 |       2 |   8.3
        D:3 |     285 |       0 |   0.0 |      26 |       0 |   0.0
        D:4 |     510 |      82 |  13.9 |      26 |      13 |  33.3
        D:5 |     460 |     181 |  28.2 |      22 |       9 |  29.0
        D:6 |     927 |     139 |  13.0 |      17 |       3 |  15.0
        D:7 |    1136 |    1606 |  58.6 |      14 |       5 |  26.3
        D:8 |    1683 |    2171 |  56.3 |      19 |      11 |  36.7
        D:9 |    3492 |    5213 |  59.9 |      21 |      27 |  56.2
       D:10 |    3563 |       0 |   0.0 |      15 |       0 |   0.0
       D:11 |    3603 |     794 |  18.1 |       9 |       1 |  10.0
       D:12 |    4831 |     876 |  15.3 |       8 |      34 |  81.0
       D:13 |    6090 |    7817 |  56.2 |      13 |      17 |  56.7
       D:14 |   10502 |    5654 |  35.0 |      22 |      23 |  51.1
       D:15 |    4800 |    9287 |  65.9 |      14 |      14 |  50.0
     Lair:1 |    5822 |    2102 |  26.5 |      25 |       9 |  26.5
     Lair:2 |   10550 |    1574 |  13.0 |      35 |       2 |   5.4
     Lair:3 |    6799 |    1666 |  19.7 |      31 |       2 |   6.1
     Lair:4 |    5715 |     376 |   6.2 |      24 |       2 |   7.7
     Lair:5 |   18236 |   10600 |  36.8 |      57 |      45 |  44.1
    Swamp:1 |   13726 |    2953 |  17.7 |      29 |      13 |  31.0
    Swamp:2 |   11506 |       0 |   0.0 |      23 |       0 |   0.0
    Swamp:3 |   17962 |    4748 |  20.9 |      25 |       5 |  16.7
    Swamp:4 |    6315 |   19119 |  75.2 |      14 |      29 |  67.4
    Snake:1 |   11489 |    5584 |  32.7 |      25 |       9 |  26.5
    Snake:2 |   12766 |    5067 |  28.4 |      26 |      12 |  31.6
    Snake:3 |   19497 |    6979 |  26.4 |      33 |      11 |  25.0
    Snake:4 |   29314 |   16311 |  35.8 |      55 |      34 |  38.2
    Slime:1 |   11283 |       0 |   0.0 |      17 |       0 |   0.0
    Slime:2 |    9647 |       0 |   0.0 |      26 |       0 |   0.0
    Slime:3 |   18746 |       0 |   0.0 |      38 |       0 |   0.0
    Slime:4 |   10548 |    1295 |  10.9 |      15 |       1 |   6.2
    Slime:5 |   11737 |   33158 |  73.9 |      28 |      24 |  46.2
      Orc:1 |    2967 |    4882 |  62.2 |      41 |      33 |  44.6
      Orc:2 |    1823 |    4997 |  73.3 |      32 |      32 |  50.0
      Elf:1 |   20954 |   11370 |  35.2 |      34 |      19 |  35.8
      Elf:2 |   15337 |   21263 |  58.1 |      24 |      28 |  53.8
      Elf:3 |   33510 |   26963 |  44.6 |      52 |      24 |  31.6
   Vaults:1 |   31123 |   22264 |  41.7 |      41 |      30 |  42.3
   Vaults:2 |   14134 |   18451 |  56.6 |      23 |      22 |  48.9
   Vaults:3 |   14978 |   23552 |  61.1 |      25 |      25 |  50.0
   Vaults:4 |   41651 |   59539 |  58.8 |      63 |      59 |  48.4
   Vaults:5 |   17837 |   48500 |  73.1 |      31 |      46 |  59.7
    Crypt:1 |   35832 |    4914 |  12.1 |      55 |       6 |   9.8
    Crypt:2 |   23366 |       0 |   0.0 |      37 |       0 |   0.0
    Crypt:3 |       0 |   59788 | 100.0 |       0 |      76 | 100.0
     Tomb:1 |     419 |       0 |   0.0 |       5 |       0 |   0.0
   Depths:1 |   13322 |    2685 |  16.8 |      20 |       4 |  16.7
   Depths:2 |   27592 |   28152 |  50.5 |      45 |      23 |  33.8
   Depths:3 |   18908 |   21177 |  52.8 |      21 |      21 |  50.0
   Depths:4 |   27107 |   13284 |  32.9 |      32 |      11 |  25.6
      Zot:1 |   41033 |       0 |   0.0 |      38 |       0 |   0.0
      Zot:2 |   40172 |       0 |   0.0 |      35 |       0 |   0.0
      Zot:3 |   25512 |   26598 |  51.0 |      19 |      24 |  55.8
      Zot:4 |   43546 |       0 |   0.0 |      36 |       0 |   0.0
      Zot:5 |   34805 |  113914 |  76.6 |      27 |      43 |  61.4
    Abyss:2 |   13175 |       0 |   0.0 |      27 |       0 |   0.0
      IceCv |       0 |   11769 | 100.0 |       0 |      46 | 100.0
   Gauntlet |       0 |    3347 | 100.0 |       0 |       8 | 100.0
            +---------+---------+-------+---------+---------+-------

Skill      XL: |  1  2  3  4  5  6  7  8  9 10 11 12 13 14 15 16 17 18 19 20 21 22 23 24 25 26 27 |
---------------+----------------------------------------------------------------------------------+-----
Transmutations | 2 3 4 5 6 7 8 9 10 11 12 13 14 15 16 | 16.6
Spellcasting   | 5 6 7 8 9 10 11 12 13 14 15 16 17 18 19 | 19.9
Invocations    | 1 2 3 4 5 6 7 8 9 10 11 12 13 14 15 16 17 18 19 20 | 20.9
Fighting       | 1 2 3 4 5 7 8 9 10 11 12 13 14 15 16 17 19 | 19.3
Short Blades   | 1 2 3 4 5 7 8 9 10 11 12 13 14 15 16 17 19 | 19.3
Long Blades    | 1 2 3 4 5 7 8 9 10 11 12 13 14 15 16 17 19 | 19.3
Axes           | 1 2 3 4 5 7 8 9 10 11 12 13 14 15 16 17 19 | 19.3
Maces & Flails | 1 2 3 4 5 7 8 9 10 11 12 13 14 15 16 17 19 | 19.3
Polearms       | 1 2 3 4 5 7 8 9 10 11 12 13 14 15 16 17 20 | 20.6
Staves         | 1 2 3 4 5 7 8 9 10 11 12 13 14 15 16 17 19 | 19.3
Ranged Weapons | 1 2 3 4 5 7 8 9 10 11 12 13 14 15 16 17 19 | 19.3
Throwing       | 1 2 3 4 5 7 8 9 10 11 12 13 14 15 16 17 19 | 19.3
Armour         | 1 2 3 4 5 7 8 9 10 11 12 13 14 15 16 17 19 | 19.3
Shields        | 1 2 3 4 5 7 8 9 10 11 12 13 14 15 16 17 19 | 19.3
Unarmed Combat | 1 2 3 4 5 7 8 9 10 11 12 13 14 15 16 17 19 | 19.3
Evocations     | 1 2 3 4 5 7 8 9 10 11 12 13 14 15 16 17 19 | 19.3
Shapeshifting  | 1 2 3 4 5 6 7 8 9 10 11 12 13 14 15 16 17 18 21 | 21.1
Conjurations   | 1 2 3 4 5 6 7 8 9 10 11 12 13 14 15 16 | 16.5
Hexes          | 1 2 3 4 5 6 7 8 9 10 11 12 13 14 15 16 | 16.5
Summonings     | 1 2 3 4 5 6 7 8 9 10 11 12 13 14 15 16 | 16.5
Necromancy     | 1 2 3 4 5 6 7 8 9 10 11 12 13 14 15 16 | 16.5
Translocations | 1 2 3 4 5 6 7 8 9 10 11 12 13 14 15 16 | 16.5
Fire Magic     | 1 2 3 4 5 6 7 8 9 10 11 12 13 14 15 16 | 16.5
Ice Magic      | 1 2 3 4 5 6 7 8 9 10 11 12 13 14 15 16 17 18 20 | 20.5
Air Magic      | 1 2 3 4 5 6 7 8 9 10 11 12 13 14 15 16 | 16.5
Poison Magic   | 1 2 3 4 5 6 7 8 9 10 11 12 13 14 15 16 | 16.5
Dodging        | 5 6 7 8 9 10 11 12 13 14 15 16 17 18 19 | 19.8
Stealth        | 5 6 7 8 9 10 11 12 13 14 15 16 17 18 19 | 19.7
Earth Magic    | 6 7 8 9 10 11 12 13 14 15 16 17 | 17.3

Action                     |  1- 3 |  4- 6 |  7- 9 | 10-12 | 13-15 | 16-18 | 19-21 | 22-24 | 25-27 || total
---------------------------+-------+-------+-------+-------+-------+-------+-------+-------+-------++-------
  Melee: Dagger            |     5 |    11 |   102 |   561 |  1368 |       |       |       |       ||  2047
         Bite              |       |     4 |    19 |    90 |   273 |   171 |   205 |   249 |   282 ||  1293
         Punch             |       |       |     5 |     6 |       |       |       |       |       ||    11
         Staff             |       |       |       |       |    46 |    27 |       |       |       ||    73
         Long sword        |       |       |       |       |       |   859 |   447 |       |       ||  1306
         Demon blade       |       |       |       |       |       |    86 |   681 |  1246 |  1338 ||  3351
         Unarmed           |       |       |       |       |       |     3 |       |       |       ||     3
   Cast: Sandblast         |    43 |    87 |   201 |   187 |     2 |       |       |       |       ||   520
         Passwall          |       |       |     2 |     1 |       |     6 |       |       |     2 ||    11
         Stone Arrow       |       |       |       |   140 |   483 |    92 |     4 |       |       ||   719
         Swiftness         |       |       |       |     6 |     2 |     4 |     3 |       |     6 ||    21
         Wereblood         |       |       |       |     3 |     2 |       |     1 |       |       ||     6
         Confusing Touch   |       |       |       |     3 |    89 |    36 |     2 |       |       ||   130
         Brom's Barrelling |       |       |       |       |    70 |       |       |       |       ||    70
         Yara's Violent Un |       |       |       |       |     3 |       |     1 |       |       ||     4
         Tukima's Dance    |       |       |       |       |     8 |    11 |       |       |       ||    19
         Animate Dead      |       |       |       |       |     7 |    14 |    17 |    23 |    28 ||    89
         Plasma Beam       |       |       |       |       |       |   380 |   103 |    14 |    16 ||   513
         Vampiric Draining |       |       |       |       |       |     3 |       |       |       ||     3
         Agony             |       |       |       |       |       |     1 |       |       |       ||     1
         Monstrous Menager |       |       |       |       |       |    11 |   164 |   119 |   122 ||   416
         Death Channel     |       |       |       |       |       |       |     5 |    19 |    25 ||    49
         Haunt             |       |       |       |       |       |       |     3 |   135 |    98 ||   236
         Borgnjor's Vile C |       |       |       |       |       |       |       |     1 |     8 ||     9
         Maxwell's Capacit |       |       |       |       |       |       |       |       |    23 ||    23
         Lee's Rapid Decon |       |       |       |       |       |       |       |       |    19 ||    19
         Blink             |       |       |       |       |       |       |       |       |     6 ||     6
 Invoke: Curse Item        |       |     1 |     4 |     3 |     2 |     4 |     1 |     3 |     4 ||    22
         Shatter the Chain |       |       |       |       |     1 |     4 |     1 |     5 |     1 ||    12
  Evoke: Wand              |       |       |     3 |     6 |       |     3 |     2 |     1 |     1 ||    16
         Phantom mirror    |       |       |       |       |       |       |     1 |       |     1 ||     2
         Phial of floods   |       |       |       |       |       |       |       |       |     1 ||     1
    Use: Potion            |       |     2 |     4 |     3 |     4 |    19 |    12 |     3 |    19 ||    66
         Scroll            |       |       |     5 |       |     3 |    21 |    12 |     5 |    18 ||    64
   Stab: Sleeping          |     2 |       |     2 |     2 |     6 |     5 |     7 |    15 |    20 ||    59
         Confused          |       |       |       |     2 |    84 |    31 |     1 |       |     3 ||   121
         Distracted        |       |       |       |       |     1 |     6 |    41 |    46 |    62 ||   156
         Paralysed         |       |       |       |       |       |       |       |     2 |       ||     2
 Armour: Robe              |     3 |    39 |   132 |       |       |       |       |       |       ||   174
         Swamp dragon scal |       |       |    19 |   528 |   669 |   551 |   515 |   172 |       ||  2454
         Skin              |       |       |       |       |       |     9 |       |       |       ||     9
         Troll leather arm |       |       |       |       |       |       |       |   262 |   562 ||   824
  Dodge: Dodged            |     6 |    30 |   146 |   520 |   639 |   624 |   463 |   415 |   687 ||  3530
  Block: Kite shield       |       |       |       |   237 |   870 |   828 |   989 |   886 |  1200 ||  5010
         Buckler           |       |       |       |       |       |   108 |       |       |       ||   108
         Tower shield      |       |       |       |       |       |    41 |       |       |       ||    41

Illustrated notes

Table legend:
 A = Kills in this place as a percentage of kills in the entire game.
 B = Kills by you in this place as a percentage of kills by you in the entire game.
 C = Kills by friends in this place as a percentage of kills by friends in the entire game.
 D = Other kills in this place as a percentage of other kills in the entire game.
 E = Experience gained in this place as a percentage of experience gained in the entire game.
 F = Experience gained in this place divided by the number of levels of this place that you have seen.
                   A       B       C       D       E      F
               +-------+-------+-------+-------+-------+----------------------
         Total | 100.0 | 100.0 | 100.0 | 100.0 | 100.0 | 24428.1
       Dungeon |  17.5 |  20.0 |   7.3 |   7.1 |   5.4 | 5361.0
          Lair |   9.3 |  11.2 |   0.4 |  35.7 |   4.3 | 12688.0
         Swamp |   5.5 |   6.9 |   0.0 |   0.0 |   5.1 | 19082.2
     Snake Pit |   8.2 |   9.4 |   3.1 |  21.4 |   7.2 | 26751.8
    Slime Pits |   6.0 |   3.0 |  18.0 |   0.0 |   6.5 | 19282.8
  Orcish Mines |   5.5 |   6.5 |   1.6 |   0.0 |   1.0 | 7334.5
   Elven Halls |   7.2 |   7.7 |   5.3 |  14.3 |   8.7 | 43132.3
        Vaults |  14.6 |  12.5 |  23.3 |   7.1 |  19.6 | 58405.8
         Crypt |   6.9 |   5.6 |  12.9 |   0.0 |   8.3 | 41300.0
          Tomb |   0.2 |   0.2 |   0.0 |   0.0 |   0.0 | 419.0
        Depths |   7.1 |   5.6 |  13.1 |   7.1 |  10.2 | 38056.8
           Zot |   8.9 |   7.4 |  14.9 |   7.1 |  21.8 | 65116.0
         Abyss |   1.1 |   1.3 |   0.2 |   0.0 |   0.9 | 13175.0
      Ice Cave |   1.8 |   2.3 |   0.0 |   0.0 |   0.8 | 11769.0
      Gauntlet |   0.3 |   0.4 |   0.0 |   0.0 |   0.2 | 3347.0
               +-------+-------+-------+-------+-------+----------------------

Table legend: (Time is in decaauts)
 A = Elapsed time spent in this place.
 B = Non-inter-level travel time spent in this place.
 C = Inter-level travel time spent in this place.
 D = Time resting spent in this place.
 E = Time spent auto-exploring this place.
 F = Levels seen in this place.
 G = Mean time per level.
                   A        B        C        D        E       F      G
               +--------+--------+--------+--------+--------+-----+--------+
         Total | 118608 |  99409 |  19199 |   1092 |  68346 |  61 | 1944.4 |
       Dungeon |  26889 |  21202 |   5687 |    146 |  14040 |  15 | 1792.6 |
          Lair |  17038 |  14219 |   2819 |      0 |  10835 |   5 | 3407.6 |
         Swamp |   8087 |   7298 |    789 |      0 |   6019 |   4 | 2021.8 |
     Snake Pit |  14544 |  12143 |   2401 |    318 |   8565 |   4 | 3636.0 |
    Slime Pits |   4768 |   4194 |    574 |    233 |   2609 |   5 |  953.6 |
  Orcish Mines |   3525 |   2348 |   1177 |      0 |   1755 |   2 | 1762.5 |
   Elven Halls |   7294 |   6670 |    624 |      0 |   4838 |   3 | 2431.3 |
        Vaults |  13027 |  10936 |   2091 |    200 |   7130 |   5 | 2605.4 |
         Crypt |   5038 |   4614 |    424 |    100 |   2685 |   3 | 1679.3 |
          Tomb |    184 |     57 |    127 |      0 |      0 |   1 |  184.0 |
        Depths |   7707 |   5767 |   1940 |     21 |   4024 |   4 | 1926.8 |
           Zot |   7270 |   6726 |    544 |     74 |   4266 |   5 | 1454.0 |
         Abyss |    285 |    285 |      0 |      0 |    105 |   1 |  285.0 |
        Bazaar |    251 |    251 |      0 |      0 |      0 |   1 |  251.0 |
         Trove |    490 |    490 |      0 |      0 |    183 |   1 |  490.0 |
      Ice Cave |   1323 |   1323 |      0 |      0 |    925 |   1 | 1323.0 |
      Gauntlet |    881 |    881 |      0 |      0 |    363 |   1 |  881.0 |
               +--------+--------+--------+--------+--------+-----+--------+

Top non-repeatable levels by time:
  Lair:5: 5901 daAuts
 Snake:4: 4871 daAuts
Vaults:4: 4009 daAuts
  Lair:2: 3511 daAuts
 Snake:3: 3387 daAuts
    D:13: 3328 daAuts
 Snake:2: 3319 daAuts
 Snake:1: 2966 daAuts
  Lair:3: 2941 daAuts
     D:9: 2901 daAuts
Vaults:2: 2853 daAuts
   Elf:3: 2832 daAuts
Depths:3: 2822 daAuts
 Swamp:3: 2784 daAuts
  Lair:4: 2646 daAuts
